Workbook
Name __123Graph_A: #REF!
Name __123Graph_A: #REF!
Name __123Graph_AGraph2: #REF!
Name __123Graph_AGraph2: #REF!
Name __123Graph_X: #REF!
Name __123Graph_X: #REF!
Name _Fill: #REF!
Name _Key1: #REF!
Name _scenchg1: #REF!
Name _Sort: #REF!
Name _X: #REF!
Name _X_10: #REF!
Name _X_3: #REF!
Name _X_4: #REF!
Name _X_5: #REF!
Name _X_6: #REF!
Name _X_7: #REF!
Name _X_8: #REF!
Name _X_9: #REF!
Name _Z: #REF!
Name _Z_10: #REF!
Name _Z_3: #REF!
Name _Z_4: #REF!
Name _Z_5: #REF!
Name _Z_6: #REF!
Name _Z_7: #REF!
Name _Z_8: #REF!
Name _Z_9: #REF!
Name A_ARCINIEGAS: #REF!
Name A_impresión_IM: #REF!
Name AAA_10: #REF!
Name AAA_3: #REF!
Name AAA_4: #REF!
Name AAA_5: #REF!
Name AAA_6: #REF!
Name AAA_7: #REF!
Name AAA_8: #REF!
Name AAA_9: #REF!
Name aas: #REF!
Name ACTA1: #REF!
Name ACTA2: #REF!
Name ads: #REF!
Name AIU: #REF!
Name asdda: #REF!
Name asdda: #REF!
Name asdf: #REF!
Name asdf: #REF!
Name asdfds: #REF!
Name asdfds: #REF!
Name asdflkjh: #REF!
Name Base_datos_IM: #REF!
Name BOX__: #REF!
Name Buscar: #REF!
Name CANTIDAD: #REF!
Name CARRO: #REF!
Name CINCUENTA: #REF!
Name COSTODIRECTO: #REF!
Name Criterios_IM: #REF!
Name CUAL_10: #REF!
Name CUAL_3: #REF!

Sheet Estudio de Mercado
A1: COTIZACIONES HERRAMIENTAS E INSUMOS
A2: ELEMENTO | B2: Descripcion | C2: Unidad | D2: I.A. Hernando Leguizamón Galindo | E2: AGROPAISAS | F2: CENPROFOREST | G2: SEV COLOMBIA | H2: CONCENTRADOS Y MANGUERAS SAS | I2: FERNEY SANCHEZ PULIDO | J2: PROMEDIO | N2: COMPARATIVO 2020
A3: INSUMOS AGRICOLAS | K3: KILO | L3: GRAMO | M3: IVA | N3: BULTO | O3: DIFERENCIA | P3: KG | Q3: DIFERENCIA
A4: Lombriabono | B4: Humus | C4: Bulto | D4: 36962.2 | E4: 41210 | F4: 55000 | G4: 66000 | H4: 60000 | I4: 70000 | J4: =+AVERAGE(D4:I4) -> 54862.033 | K4: =+J4/50 -> 1097.2407 | N4: =+'[1]Est.Merk.2020'!L4 -> 85100 | O4: =+J4-N4 -> -30237.967 | P4: =+'[1]Est.Merk.2020'!M4 -> 1702 | Q4: =+K4-P4 -> -604.75933
A5: Fertilizante Quimico Compuesto | B5: Triple 18 | C5: Bulto | D5: 122615.5 | E5: 134030 | H5: 203000 | I5: 210000 | J5: =+(D5+E5+H5+I5)/4 -> 167411.38 | K5: =+J5/50 -> 3348.2275 | N5: =+'[1]Est.Merk.2020'!L5 -> 0 | O5: =+J5-N5 -> 167411.38 | P5: =+'[1]Est.Merk.2020'!M5 -> 0 | Q5: =+K5-P5 -> 3348.2275
A6: Fertilizante Quimico Compuesto | B6: Triple 15 | C6: Bulto | D6: 116223.7 | E6: 168324 | H6: 180000 | I6: 190000 | J6: =+(D6+E6+H6+I6)/4 -> 163636.92 | K6: =+J6/50 -> 3272.7385 | N6: =+'[1]Est.Merk.2020'!L6 -> 112093 | O6: =+J6-N6 -> 51543.925 | P6: =+'[1]Est.Merk.2020'!M6 -> 2242 | Q6: =+K6-P6 -> 1030.7385
A7: Fertilizante Quimico Compuesto | B7: Agrimins (NPK. Em) | C7: Bulto | D7: 103350 | E7: 115000 | H7: 108000 | I7: 115000 | J7: =+(D7+E7+H7+I7)/4 -> 110337.5 | K7: =+J7/50 -> 2206.75 | N7: =+'[1]Est.Merk.2020'!L7 -> 124243 | O7: =+J7-N7 -> -13905.5 | P7: =+'[1]Est.Merk.2020'!M7 -> 2485 | Q7: =+K7-P7 -> -278.25
A8: Fertilizante Quimico Simple | B8: UREA | C8: Bulto | D8: 112519 | E8: 198000 | H8: 210000 | I8: 221000 | J8: =+(D8+E8+H8+I8)/4 -> 185379.75 | K8: =+J8/50 -> 3707.595 | N8: =+'[1]Est.Merk.2020'!L8 -> 118963 | O8: =+J8-N8 -> 66416.75 | P8: =+'[1]Est.Merk.2020'!M8 -> 2379 | Q8: =+K8-P8 -> 1328.595
A9: Insecticida Liquido | B9: Lorsban 4E | C9: Litro | D9: 181896 | E9: 202800 | J9: =+(D9+E9)/2 -> 192348 | N9: =+'[1]Est.Merk.2020'!L9 -> 50000 | O9: =+J9-N9 -> 142348 | P9: =+'[1]Est.Merk.2020'!M9 -> 0 | Q9: =+K9-P9 -> 0
A10: Insecticida Granular | B10: Attakill | C10: Libra | D10: 20829 | E10: 32760 | J10: =+(D10+E10)/2 -> 26794.5 | N10: =+'[1]Est.Merk.2020'!L10 -> 44733 | O10: =+J10-N10 -> -17938.5 | P10: =+'[1]Est.Merk.2020'!M10 -> 0 | Q10: =+K10-P10 -> 0
A11: Abonaza (Gr./Arb.) | B11: Gallinaza - Compost | C11: Bulto | D11: 19080 | E11: 25116 | H11: 60000 | I11: 80000 | J11: =+(D11+E11+H11+I11)/4 -> 46049 | N11: =+'[1]Est.Merk.2020'!L11 -> 12600 | O11: =+J11-N11 -> 33449 | P11: =+'[1]Est.Merk.2020'!M11 -> 252 | Q11: =+K11-P11 -> -252
A12: Insecicida Liquido (Lts/Ha.) | B12: Cipermetryna | C12: Litro | D12: 31694 | E12: 48360 | H12: 27000 | I12: 29000 | J12: =+(D12+E12+H12+I12)/4 -> 34013.5 | N12: =+'[1]Est.Merk.2020'!L12 -> 41550 | O12: =+J12-N12 -> -7536.5 | P12: =+'[1]Est.Merk.2020'!M12 -> 0 | Q12: =+K12-P12 -> 0
A13: Insecticida líquido (Lts/Ha.) | B13: Regent | C13: Litro | D13: 242138.98 | E13: 191900 | J13: =SUM(D13:G13)/2 -> 217019.49 | N13: =+'[1]Est.Merk.2020'!L13 -> 241833 | O13: =+J13-N13 -> -24813.51 | P13: =+'[1]Est.Merk.2020'!M13 -> 0 | Q13: =+K13-P13 -> 0
A14: Insecicida Liquido (Lts/Ha.) | B14: Clorpirifos | C14: Litro | D14: 34301.6 | E14: 34100 | J14: =SUM(D14:G14)/2 -> 34200.8 | N14: =+'[1]Est.Merk.2020'!L14 -> 50000 | O14: =+J14-N14 -> -15799.2 | P14: =+'[1]Est.Merk.2020'!M14 -> 0 | Q14: =+K14-P14 -> 0
A15: Correctivo | B15: Caldolomita | C15: Bulto | D15: 10267.16 | E15: 13000 | H15: 11000 | I15: 13000 | J15: =+(D15+E15+H15+I15)/4 -> 11816.79 | K15: =+J15/50 -> 236.3358 | N15: =+'[1]Est.Merk.2020'!L15 -> 10667 | O15: =+J15-N15 -> 1149.79 | P15: =+'[1]Est.Merk.2020'!M15 -> 213 | Q15: =+K15-P15 -> 23.3358
A16: Correctivo | B16: Hidroretenedor | C16: Kilo | D16: 46671.8 | E16: 63700 | H16: 11000 | I16: 60000 | J16: =+(D16+E16+H16+I16)/4 -> 45342.95 | N16: =+'[1]Est.Merk.2020'!L16 -> 44686 | O16: =+J16-N16 -> 656.95 | P16: =+'[1]Est.Merk.2020'!M16 -> 0 | Q16: =+K16-P16 -> 0
A17: Fertilizante Quimico Compuesto | B17: Combo | C17: 370 gr | D17: 21200 | H17: 42500 | I17: 55000 | J17: =+(D17+H17+I17)/3 -> 39566.667 | N17: =+'[1]Est.Merk.2020'!L17 -> 19567 | O17: =+J17-N17 -> 19999.667 | P17: =+'[1]Est.Merk.2020'!M17 -> 0 | Q17: =+K17-P17 -> 0
A18: Fertilizante Quimico Compuesto | B18: DAP | C18: Bulto | D18: 125080 | E18: 218000 | H18: 200000 | I18: 210000 | J18: =+(D18+E18+H18+I18)/4 -> 188270 | K18: =+J18/50 -> 3765.4 | N18: =+'[1]Est.Merk.2020'!L18 -> 120000 | O18: =+J18-N18 -> 68270 | P18: =+'[1]Est.Merk.2020'!M18 -> 2400 | Q18: =+K18-P18 -> 1365.4
A19: Pintura (Color Amarillo) | B19: Aceite | C19: Galon | D19: 144160 | E19: 176800 | J19: =SUM(D19:G19)/2 -> 160480 | N19: =+'[1]Est.Merk.2020'!L19 -> 54343 | O19: =+J19-N19 -> 106137
A20: Disolvente | B20: Tiner | C20: Galon | D20: 105894 | E20: 129870 | J20: =SUM(D20:G20)/2 -> 117882 | N20: =+'[1]Est.Merk.2020'!L20 -> 23205 | O20: =+J20-N20 -> 94677
A21: HERRAMIENTAS AGRICOLAS
A23: Lima | B23: Triangular 6" | C23: Unidad | D23: 5910.454 | E23: 5100 | J23: =SUM(D23:E23)/2 -> 5505.227 | N23: =+'[1]Est.Merk.2020'!L23 -> 4165 | O23: =+J23-N23 -> 1340.227
A24: Machete | B24: Tres Canales 20" | C24: Unidad | D24: 16314.672 | E24: 17800 | J24: =SUM(D24:E24)/2 -> 17057.336 | N24: =+'[1]Est.Merk.2020'!L24 -> 17990 | O24: =+J24-N24 -> -932.664
A25: Azadon | B25: Pachuno con Cabo | C25: Unidad | D25: 24430.085 | E25: 25200 | J25: =SUM(D25:E25)/2 -> 24815.042 | N25: =+'[1]Est.Merk.2020'!L25 -> 31076 | O25: =+J25-N25 -> -6260.9575
A26: Paladraga | B26: Con Mango | C26: Unidad | D26: 49702.481 | E26: 65100 | J26: =SUM(D26:E26)/2 -> 57401.241 | N26: =+'[1]Est.Merk.2020'!L26 -> 38535 | O26: =+J26-N26 -> 18866.241
A27: Palin | B27: Ahoyador con Cabo | C27: Unidad | D27: 15228.225 | E27: 18800 | J27: =SUM(D27:E27)/2 -> 17014.112 | N27: =+'[1]Est.Merk.2020'!L27 -> 19950 | O27: =+J27-N27 -> -2935.8875
A28: Alambre | B28: Pua 12.5 x 350 Mts. | C28: Rollo | D28: 227264 | E28: 254600 | J28: =SUM(D28:E28)/2 -> 240932 | N28: =+'[1]Est.Merk.2020'!L28 -> 242363 | O28: =+J28-N28 -> -1431
A29: Grapa | B29: Galvanizada 1 1/4" | C29: Kilo | D29: 5713.4 | E29: 7644 | J29: =SUM(D29:E29)/2 -> 6678.7 | N29: =+'[1]Est.Merk.2020'!L29 -> 8013 | O29: =+J29-N29 -> -1334.3
A30: Barra Acero | B30: 14 Lbs. | C30: Unidad | D30: 37895 | E30: 50700 | J30: =SUM(D30:E30)/2 -> 44297.5 | N30: =+'[1]Est.Merk.2020'!L30 -> 62300 | O30: =+J30-N30 -> -18002.5
A31: Martillo | B31: Acero 27" | C31: Unidad | D31: 14016.027 | E31: 17900 | J31: =SUM(D31:E31)/2 -> 15958.013 | N31: =+'[1]Est.Merk.2020'!L31 -> 16779 | O31: =+J31-N31 -> -820.98667
A32: Alicate | B32: Tipo Diablo | C32: Unidad | D32: 40399.215 | E32: 36100 | J32: =SUM(D32:E32)/2 -> 38249.607 | N32: =+'[1]Est.Merk.2020'!L32 -> 27755 | O32: =+J32-N32 -> 10494.607
A33: Brocha | B33: Punta Verde 3" | C33: Unidad | D33: 17808 | E33: 23840 | J33: =SUM(D33:E33)/2 -> 20824 | N33: =+'[1]Est.Merk.2020'!L33 -> 8251 | O33: =+J33-N33 -> 12573
A34: Fumigadora | B34: Bomba espalda 20 Lts | C34: Unidad | D34: 299374.79 | E34: 325300 | J34: =SUM(D34:E34)/2 -> 312337.4 | N34: =+'[1]Est.Merk.2020'!L34 -> 262788 | O34: =+J34-N34 -> 49549.397
A35: ELEMENTOS DE PROTECCION PERSONAL
A36: Bota | B36: Caucho Caña Alta | C36: Par | D36: 35849.2 | E36: 38000 | J36: =SUM(D36:E36)/2 -> 36924.6 | N36: =+'[1]Est.Merk.2020'!L36 -> 35140 | O36: =+J36-N36 -> 1784.6
A37: Guantes | B37: Carnaza | C37: Par | D37: 10504.671 | E37: 7500 | J37: =SUM(D37:E37)/2 -> 9002.3353 | N37: =+'[1]Est.Merk.2020'!L37 -> 17503 | O37: =+J37-N37 -> -8500.6647
A38: Guantes | B38: nitrilo | C38: par | D38: 8858.9147 | E38: 6991 | J38: =SUM(D38:E38)/2 -> 7924.9573 | N38: =+'[1]Est.Merk.2020'!L38 -> 7874 | O38: =+J38-N38 -> 50.957333
A39: Tapabocas | B39: Desechable | C39: Unidad | D39: 596.77011 | E39: 873 | J39: =SUM(D39:E39)/2 -> 734.88505 | N39: =+'[1]Est.Merk.2020'!L39 -> 1336 | O39: =+J39-N39 -> -601.11495
A40: Gafas | B40: Seguridad | C40: Unidad | D40: 4913.524 | E40: 10200 | J40: =SUM(D40:E40)/2 -> 7556.762 | N40: =+'[1]Est.Merk.2020'!L40 -> 10313 | O40: =+J40-N40 -> -2756.238
A41: Sombrero | B41: Tipo Pava | C41: Unidad | D41: 31588 | E41: 38740 | J41: =SUM(D41:E41)/2 -> 35164 | N41: =+'[1]Est.Merk.2020'!L41 -> 19806 | O41: =+J41-N41 -> 15358
A42: Camiseta | B42: Manga Larga | C42: Unidad | D42: 28090 | E42: 34450 | J42: =SUM(D42:E42)/2 -> 31270 | N42: =+'[1]Est.Merk.2020'!L42 -> 25044 | O42: =+J42-N42 -> 6226
A43: POSTERIA GENERAL
A44: Poste (Cualquier color) | B44: Plastico Cuadrado mayor a 8x8Cm X 210 Cm. | C44: Unidad | D44: 30210 | E44: 37000 | J44: =SUM(D44:E44)/2 -> 33605 | N44: =+'[1]Est.Merk.2020'!L44 -> 25228 | O44: =+J44-N44 -> 8377
A45: Poste | B45: Madera 10*10 Escuadria X 2.20 Mts. | C45: Unidad | D45: 20034 | E45: 24500 | J45: =SUM(D45:G45)/2 -> 22267 | N45: =+'[1]Est.Merk.2020'!L45 -> 14280 | O45: =+J45-N45 -> 7987
A46: MATERIAL VEGETAL
A47: ELEMENTO | C47: UNNIDAD | D47: I.A. Hernando Leguizamón Galindo | E47: AGROFORESTA | F47: CENPROFOREST | G47: SEV COLOMBIA | J47: PROMEDIO
A48: Plantula Forestal | B48: Bolsa de 15 x 30 Calibre 3 de 80 a 120 cm de Atura despues de bolsa. Forestal Nativo para clima frio | C48: Unidad | D48: 6253.3333 | F48: 6000 | G48: 5200 | J48: =+SUM(D48:G48)/3 -> 5817.7778 | N48: =+'[1]Est.Merk.2020'!$L$50 -> 1343 | O48: =+J48-N48 -> 4474.7778
A49: ELEMENTO | C49: UNNIDAD | D49: Civiforest | E49: BIOTA | J49: PROMEDIO
A50: Plantula de Palma | B50: Palma de cera Ceroxilum quindiuense tamaño 1,20 mtrs | C50: Unidad | D50: 13000 | E50: 13500 | J50: =+SUM(D50:E50)/2 -> 13250 | K50: Enriquecimiento | N50: =+'[1]Est.Merk.2020'!$L$52 -> 6000 | O50: =+J50-N50 -> 7250
N51: =+'[1]Est.Merk.2020'!$L$49 -> 3927 | O51: =+J51-N51 -> -3927
N52: =+'[2]Est.Merk.2020'!L51 -> #REF! | O52: =+J52-N52 -> #REF!
A53: Arboles | B53: Frutal | C53: Unidad | D53: 15900 | F53: 9500 | G53: 11200 | J53: =SUM(D53:G53)/3 -> 12200 | N53: =+'[1]Est.Merk.2020'!$L$53 -> 12867 | O53: =+J53-N53 -> -667
A56: COSTO MANO DE OBRA | B56: > 10 SMMLV
A57: SMLVM | B57: 1000000 | C57: =+'[3]LIUIDACION Wdor'!B2 -> 908526
A58: Aux. trasnporte | B58: 117172 | C58: =+'[3]LIUIDACION Wdor'!B3 -> 106454
A59: DEVENGADO MENSUAL | B59: =+B57+B58 -> 1117172 | C59: =+C57+C58 -> 1014980
A60: Salud 8.5% | B60: =+B57*8.5% -> 85000 | C60: =+'[3]LIUIDACION Wdor'!B5 -> 77225
A61: PENSION 12% | B61: =+B57*8% -> 80000 | C61: =+'[3]LIUIDACION Wdor'!B6 -> 72682 | D61: NO ES EL 12% ES EL 8%
A62: ARL 2.436% | B62: =+B57*2.436% -> 24360 | C62: =+'[3]LIUIDACION Wdor'!B7 -> 22132
A63: Parafiscales 9% | B63: =+B57*9% -> 90000 | C63: =+'[3]LIUIDACION Wdor'!B8 -> 81767
B64: =SUM(B59:B63) -> 1396532 | C64: =SUM(C59:C63) -> 1268786
A65: PRESTACIONES SOCIALES
A66: Primas 8.33% | B66: =+B59*8.3333% -> 93097.294 | C66: =+'[3]LIUIDACION Wdor'!B11 -> 84581
A67: Cesantías 8.33% | B67: =+B59*8.3333% -> 93097.294 | C67: =+'[3]LIUIDACION Wdor'!B12 -> 84581
A68: Intes/cesantías 12% | B68: =+((B67*30)*0.12/360)*12 -> 11171.675 | C68: =+'[3]LIUIDACION Wdor'!B13 -> 10150
A69: Vacaciones 4.17% | B69: =+B57*4.17% -> 41700 | C69: =+'[3]LIUIDACION Wdor'!B14 -> 37886
A70: TOTAL PRESTACIONES | B70: =SUM(B66:B69) -> 239066.26 | C70: =SUM(C66:C69) -> 217198
A71: TOTAL COSTO POR MES | B71: =+B64+B70 -> 1635598.3 | C71: =+C64+C70 -> 1485984
A72: JORNALES TRABAJADOR MES | B72: =+B64/30 -> 46551.067
A73: VR. JORNAL INCLUIDA CARGA PREST. | B73: =ROUND(B71/30,0) -> 54520
A76: VALLAS GENERAL
A77: ELEMENTO | C77: UNNIDAD | D77: I.A. Hernando Leguizamón Galindo | E77: ASOGUADUA | F77: - | G77: - | J77: PROMEDIO
A78: Valla 1x2 | B78: conformada por dos columnas en madera rolliza de pino patula inmunizado de 5mt de alto con una base de 1mt, cubierta de impermeabilizante y dos travesaños de 4mt de ancho de la misma madera, las cuales llevaran talladas las estrías donde irán ancladas las tablas de las letras , estas tablas con un espesor de 2cm y con un ancho de 16.5 cm, serán en madera dura e inmunizada y a su vez machi-embradas para darle un mejor ajuste entre las mismas, las letras y logos irán tallados (vaciados) a una profundidad de 4 mm y pintados con esmalte tipo 1, para darle mayor durabilidad, la madera se le aplicara 3 manos de barnex exterior para protegerlo del sol y la lluvia, estos avisos será anclados a los dos huecos que tendrán un profundidad de 80 cm X 35 cm de ancho X 35 cm de largo, una vez parada la valla se le aplicara concreto de2500 psi, Para aislar la madera de la tierra y darle una mayor firmeza y durabilidad en su anclaje y buenas condiciones de la madera, en la parte inferior del hueco se instalara un piedra plana para evitar el hundimiento de la valla. | C78: Unidad | D78: 3180000 | E78: 7800000 | F78: 0 | J78: =SUM(D78:G78)/2 -> 5490000
A79: Valla 2x2 | B79: Madera 10*10 Escuadria X 2.20 Mts. | C79: Unidad | F79: 0 | J79: =SUM(D79:G79)/2 -> 0
A80: Valla 3x2 | B80: Madera 10*10 Escuadria X 2.20 Mts. | C80: Unidad | F80: 0 | J80: =SUM(D80:G80)/2 -> 0
A81: Valla 3x4 | B81: Madera 10*10 Escuadria X 2.20 Mts. | C81: Unidad | F81: 0 | J81: =SUM(D81:G81)/2 -> 0
A82: TALLERES
A83: ELEMENTO | C83: UNNIDAD | D83: Soluciones y Suministros del Tolima | E83: SERVICIOS Y ASESORIAS AMBIENTALES | F83: PACHITO EXPRES | G83: - | J83: PROMEDIO
A84: Equipo audiovisual | B84: Computador, Video Beam, sonido y telar | C84: día | D84: 310000 | E84: 380000 | J84: =+(D84+E84+F84)/2 -> 345000
A85: Refrigerios | B85: Pastel de pollo/sanduche en bolsa de papel, jugo de caja. | C85: unidad | D85: 216000 | F85: 165000 | J85: =+(D85+E85+F85)/2 -> 190500
A86: Almuerzo | B86: Entrada, Plato fuerte y jugo sin utilizar icopor ni plastico | C86: unidad | D86: 518400 | F86: 315000 | J86: =+(D86+E86+F86)/2 -> 416700
A87: Hidratación | B87: Punto de Hidratación, botellones de agua de 20 Lts | C87: unidad | D87: 33300 | E87: 40000 | J87: =+(D87+E87+F87)/2 -> 36650
A88: TOTAL | D88: =+SUM(D84:D87) -> 1077700 | E88: =+SUM(E84:F87) -> 900000 | J88: =SUM(J84:J87) -> 988850
E89: =+(E88+D88)/2 -> 988850

Sheet Establecimiento
B3: COSTOS ESTABLECIMIENTO CORTOLIMA
B4: SISTEMA A IMPLEMENTAR: | C4: REFORESTACION PROTECTORA CON ESPECIES NATIVAS
B5: CORPORACIÓN / AAU: | C5: CORTOLIMA
B6: NOMBRE DEL PROYECTO : | C6: Desarrollo DE BOSQUE DE NIEBLA, ESTRATEGIA PILOTO EN EL DEPARTAMENTO DEL TOLIMA
B8: DISEÑO DE LA PLANTACIÓN | C8: ALEATORIO | E8: Costo Unitario ($)
B10: =+[4]Establec.!B10 -> 1. Número de Plántulas Arboreas por Ha | D10: 800
B11: 1. Número de Plántulas de Palma | D11: 400
B12: =+[4]Establec.!B12 -> 3. Porcentaje de reposición % | D12: 0.1
B13: 4. Insumos Agricolas. | C13: Descripcion | D13: Cantidad Aplicación | E13: Costo $ / kg ó Lt
B14: Fertilizante Quimico Compuesto (Gr./Arb.) | C14: Agrimins ( NPK.Em 8-5-6) | D14: 50
B15: Fertilizante Quimico Compuesto (Gr./Arb.) | C15: 15-15-15 | D15: 50
B16: Fertilizante Quimico Simple (Gr./Arb.) | C16: UREA | D16: 50
B17: Lombriabono (Gr./Arb.) | C17: Humus | D17: 200
B18: Abonaza (Gr./Arb.) | C18: Gallinaza - Compost | D18: 150
B19: Insecticida Liquido (Lts/Ha.) | C19: Lorsban 4E | D19: 0.5
B20: Insecicida Liquido (Lts/Ha.) | C20: Cipermetryna | D20: 1
B21: Insecticida líquido (Lts/Ha.) | C21: Regent | D21: 0.2
B22: Insecticida Granular (Lb./Ha.) | C22: Hormiguicida Granular | D22: 1
B23: Correctivo (Kg/Ha.) | C23: Caldolomita | D23: 50
B24: Correctivo (Gr./Arb.) | C24: Hidroretenedor | D24: 3
B25: 5. Costo Jornal Promedio Region (seguridad social, aportes parafiscales, prestaciones sociales) | C25: Jornal | D25: Global
B26: 6. Herramientas (5% de la MAO) | C26: Global | D26: 0.049999871
B27: 7. Elementos de Proteccion Personal (5% de la MO) | C27: Global | D27: 0.049999871
B28: 8. Costo Flete Promedio Mula (Trans Interno) | C28: Flete | D28: 35000
B29: 8. Transporte Mayor Insumos (% de Insumos) | C29: Global | D29: 0.15
B32: COSTOS DE ESTABLECIMIENTO VIGENCIA 2022 | D32: ESTABLECIMIENTO METAS TOTALES/Has | G32: 12.5
B33: Costos Proyectados a 2022
B34: Duración meses
B35: CATEGORIA DE INVERSIÓN | C35: Unidad | D35: Cantidad / Ha | E35: Valor Unitario ($) | F35: Valor Total/Ha ($) | G35: Valor Total Proyecto ($)
B36: 1. COSTOS DIRECTOS
B37: 1.1. MANO DE OBRA | C37: RENDIMIENTO
B38: Preparación del terreno | C38: Mts Cuadrados | D38: 10000 | F38: =+D38*E38 -> 0 | G38: =+F38*$G$32 -> 0
B39: Trazado | C39: Arboles | D39: =+$D$10+$D$11 -> 1200 | F39: =+D39*E39 -> 0 | G39: =+F39*$G$32 -> 0
B40: Plateo | C40: Plateo | D40: =+$D$10+$D$11 -> 1200 | F40: =+D40*E40 -> 0 | G40: =+F40*$G$32 -> 0
B41: Ahoyado y Repique | C41: Arboles | D41: =+$D$10+$D$11 -> 1200 | F41: =+D41*E41 -> 0 | G41: =+F41*$G$32 -> 0
B42: Aplicación de Correctivos | C42: Arboles | D42: =+$D$10+$D$11 -> 1200 | F42: =+D42*E42 -> 0 | G42: =+F42*$G$32 -> 0
B43: Aplicación de Fertilizantes | C43: Arboles | D43: =+$D$10+$D$11 -> 1200 | F43: =+D43*E43 -> 0 | G43: =+F43*$G$32 -> 0
B44: Transporte interno de insumos | C44: Flete | D44: =+D90 -> 10 | F44: =+D44*E44 -> 0 | G44: =+F44*$G$32 -> 0
B45: Plantación (siembra) | C45: Arboles | D45: =+$D$10+$D$11 -> 1200 | F45: =+D45*E45 -> 0 | G45: =+F45*$G$32 -> 0
B46: Control fitosanitario | C46: Arboles | D46: =+$D$10+$D$11 -> 1200 | F46: =+D46*E46 -> 0 | G46: =+F46*$G$32 -> 0
B47: Reposición (Replante) | C47: Arboles | D47: =+($D$10+$D$11)*D12 -> 120 | F47: =+D47*E47 -> 0 | G47: =+F47*$G$32 -> 0
B48: Limpias | C48: Mts Cuadrados | D48: 10000 | F48: =+D48*E48 -> 0 | G48: =+F48*$G$32 -> 0
B49: Adecuacion de Barreras Cortafuego | C49: Mts Lineales | D49: 167 | F49: =+D49*E49 -> 0 | G49: =+F49*$G$32 -> 0
B50: SUBTOTAL MANO DE OBRA | F50: =+SUM(F38:F49) -> 0 | G50: =+SUM(G38:G49) -> 0
B51: 1.2. INSUMOS
B52: Plántulas +10% repos. | C52: Plantulas | D52: =+D10*(1+D12) -> 880 | F52: =+D52*E52 -> 0 | G52: =+F52*$G$32 -> 0
B53: Plántulas +10% repos. | C53: Plantulas | D53: =+D11*(1+D12) -> 440 | F53: =+D53*E53 -> 0 | G53: =+F53*$G$32 -> 0
B54: Fertilizante químico compuesto (15-15-15) | C54: Kg. | D54: =((($D$10*(1+$D$12))*D15)/1000) -> 44 | F54: =+D54*E54 -> 0 | G54: =+F54*$G$32 -> 0
B55: Fertilizante químico compuesto (Elementos menores 8-5-6) | C55: Kg. | D55: =((($D$10*(1+$D$12))*D14)/1000) -> 44 | F55: =+D55*E55 -> 0 | G55: =+F55*$G$32 -> 0
B56: Humus | C56: Kg. | D56: =((($D$10*(1+$D$12))*D17)/1000) -> 176 | F56: =+D56*E56 -> 0 | G56: =+F56*$G$32 -> 0
B57: Lorban 4E | C57: Litro | D57: =+D19 -> 0.5 | F57: =+D57*E57 -> 0 | G57: =+F57*$G$32 -> 0
B58: Insecticida granulado a base de Sulfluramida | C58: Kg. | D58: =ROUNDUP((($D$10*(1+$D$12)*D22)/1000),0) -> 1 | F58: =+D58*E58 -> 0 | G58: =+F58*$G$32 -> 0
B59: =+C23 -> Caldolomita | C59: Kg. | D59: =ROUNDUP((($D$10*(1+$D$12)*D23)/1000),0) -> 44 | F59: =+D59*E59 -> 0 | G59: =+F59*$G$32 -> 0
B60: =+C24 -> Hidroretenedor | C60: Kg. | D60: =ROUNDUP((($D$10*(1+$D$12)*D24)/1000),0) -> 3 | F60: =+D60*E60 -> 0 | G60: =+F60*$G$32 -> 0
B61: SUBTOTAL INSUMOS | F61: =+SUM(F52:F60) -> 0 | G61: =+SUM(G52:G60) -> 0
B62: TOTAL COSTOS DIRECTOS ( MAO+INSUMOS) | F62: =+F50+F61 -> 0 | G62: =+F62*$G$32 -> 0
B63: 2. COSTOS INDIRECTOS
B64: Herramientas (5% MANO DE OBRA NO CALIFICADA) | F64: =+$F$50*$D$26 -> 0 | G64: =+F64*G32 -> 0
B65: Elementos de Proteccion Personal (5% MANO DE OBRA NO CALIFICADA) | F65: =$F$50*$D$26 -> 0 | G65: =+F65*G32 -> 0
B66: Transp. Insumos (15% insumos) | F66: =ROUNDUP(F61*D29,0) -> 0 | G66: =+F66*$G$32 -> 0
B67: TOTAL COSTOS INDIRECTOS | F67: =SUM(F64:F66) -> 0 | G67: =SUM(G64:G66) -> 0
B68: SUBTOTAL COSTO ACTIVIDADES DE ESTABLECIMIENTO | F68: =+F62+F67 -> 0 | G68: =+G62+G67 -> 0
B69: CATEGORIA DE INVERSIÓN | C69: Unidades | D69: Tiempo | E69: Duración | F69: Unitario | G69: Total Asistencia
B70: ASISTENCIA TECNICA
B71: Ingeniero Forestal | C71: 0.01 | D71: Meses | E71: 8 | G71: =+F71*$G$32 -> 0
B72: SUBTOTAL | G72: =+G71 -> 0
B73: TOTAL COSTOS ACTIVIDADES DE ESTABLECIMIENTO +ASISTENCIA TECNICA | F73: =+F68+F72 -> 0 | G73: =+G68+G72 -> 0
B74: ADMINISTRACION 10% | C74: 0.1 | F74: =+C74*G73 -> 0 | G74: =+F74 -> 0
B75: IMPREVISTOS 1% | C75: 0.01 | F75: =+C75*G73 -> 0 | G75: =+F75 -> 0
B76: UTILIDAD 5% | C76: 0.05 | F76: =+C76*G73 -> 0 | G76: =+F76 -> 0
B77: IVA/UTILIDAD 19% | C77: 0.19 | F77: =+C77*G76 -> 0 | G77: =+F77 -> 0
B78: IMPUESTOS GUERRA 0,5%+ ESTAMPILLAS 5% | C78: 0 | G78: =+F78*$G$32 -> 0
B79: TOTAL COSTO ESTABLECIMIENTO | F79: =SUM(F73:F78) -> 0 | G79: =+G73+G74+G75+G76+G77+G78 -> 0
B82: RENDIMIENTO POR HECTAREA
B83: DESCRIPCION ACTIVIDAD | C83: UNIDAD | D83: CANTIDAD
B84: Primera limpia (Preparacion del terreno) | C84: Jornal | D84: 6 | F84: 6
B85: Trazado | C85: Jornal | D85: 2 | F85: 2
B86: Plateo | C86: Jornal | D86: 6 | F86: 6
B87: Ahoyado y repique | C87: Jornal | D87: 8 | F87: 8
B88: Aplicación de Correctivos | C88: Jornal | D88: 2 | F88: 2
B89: Aplicación de Fertilizantes | C89: Jornal | D89: 2 | F89: 3
B90: Transporte interno de insumos | C90: Flete | D90: 10 | F90: 10
B91: Siembra | C91: Jornal | D91: 5 | F91: 5
B92: Control fitosanitario | C92: Jornal | D92: 1 | F92: 1
B93: Reposición (Replante) | C93: Jornal | D93: 2 | F93: 2
B94: Segunda Limpia | C94: Jornal | D94: 6 | F94: 6
B95: Adecuacion de Barreras Cortafuego | C95: Jornal | D95: 2 | F95: 2

Sheet Aislamiento
B3: COSTOS AISLAMIENTO
B4: SISTEMA A IMPLEMENTAR: | C4: AISLAMIENTO PARA RESTAURACION PASIVA
B5: CORPORACIÓN / AAU: | C5: CORTOLIMA
B6: NOMBRE DEL PROYECTO : | C6: Desarrollo DE BOSQUE DE NIEBLA, ESTRATEGIA PILOTO EN EL DEPARTAMENTO DEL TOLIMA
B8: META RESTAURACIÓN PASIVA (Has) | C8: 50 | D8: Metros/Has
B10: DISEÑO DE AISLAMIENTO | E10: Costo Unitario $
B11: 1. Distancia entre postes mts. | D11: 2.5
B12: 2. Distancia pie amigos mts. | D12: 30
B13: 3. Hilos alambre | D13: 4
B14: 4. # Postes/KM (plastico o medera | D14: 400
B15: 5. # Postes Piedeamigo/KM | D15: 34
B16: 6. # Postes de reemplazo/ KM (Mantenimiento) (5%) | D16: 0
B17: 7. Rollos alambre/KM | D17: 12
B18: 8. Grapas/km en kg. (180 Grapas/Kg) | D18: 9
B19: 9. Galon Pintura (Galon) (Señalizacion) / Km | D19: 1
B20: 10. Disolvente THINER (Galon) (Señalizacion) / Km | D20: 1
B21: 11. Costos Flete Zona Promedio | D21: 1
B22: 12. Costo por Jornal
B23: 13. Costo Transp. mayor (% de insumos) | D23: 0.15000001
B24: 14. Herramientas (%M.O.) | D24: 0.050000016
B25: 15. Elementos de Proteccion Personal (%M.O.) | D25: 0.05
B26: 16. Administracion (% CD) | D26: 0.02
E28: META AISLAMIENTO
E29: 2 | G29: KM
B31: ITEM | C31: COSTOS / KM (1000 ML) | G31: COSTO TOTAL AISLAMIENTO
C32: Unidad | D32: Cantidad | E32: Valor Unitario $ | F32: Valor total/Km
B33: 1.COSTOS DIRECTOS
B34: 1.1 Mano de obra
A35: 4.433211e+15 | B35: Trazado | C35: ML | D35: 1000 | F35: =ROUND(D35*E35,0) -> 0 | G35: =+F35*$E$29 -> 0
B36: Limpieza General | C36: ML | D36: 1000 | F36: =ROUND(D36*E36,0) -> 0 | G36: =+F36*$E$29 -> 0
B37: Ahoyado | C37: ML | D37: 1000 | F37: =ROUND(D37*E37,0) -> 0 | G37: =+F37*$E$29 -> 0
B38: Transporte | C38: Flete | D38: 75 | F38: =ROUND(D38*E38,0) -> 0 | G38: =+F38*$E$29 -> 0
B39: Hincado | C39: ML | D39: 1000 | F39: =ROUND(D39*E39,0) -> 0 | G39: =+F39*$E$29 -> 0
B40: Templado y grapado | C40: ML | D40: 1000 | F40: =ROUND(D40*E40,0) -> 0 | G40: =+F40*$E$29 -> 0
B41: Pintado y Señalizado | C41: ML | D41: 1000 | F41: =ROUND(D41*E41,0) -> 0 | G41: =+F41*$E$29 -> 0
B42: Subtotal mano de obra | C42: =SUM(C35:C41) -> 0 | F42: =+SUM(F35:F41) -> 0 | G42: =+SUM(G35:G41) -> 0
B43: 1.2 Insumos
B44: Alambre de pua (Rollo) | C44: Rollo | D44: =+D17 -> 12 | F44: =+D44*E44 -> 0 | G44: =+F44*$E$29 -> 0
B45: Puntilla 3" | C45: Kg | D45: 4 | F45: =+D45*E45 -> 0 | G45: =+F45*$E$29 -> 0
B46: Postes Plastico o madera | C46: Poste | D46: =+D14 -> 400 | F46: =+D46*E46 -> 0 | G46: =+F46*$E$29 -> 0
B47: Poste Madera piedeamigo | C47: Poste | D47: =+D15 -> 34 | F47: =+D47*E47 -> 0 | G47: =+F47*$E$29 -> 0
B48: Grapa (Kgr.) | C48: Kg | D48: =+D18 -> 9 | F48: =+D48*E48 -> 0 | G48: =+F48*$E$29 -> 0
B49: Pintura Aceite (Gal) | C49: Galon | D49: 0.5 | F49: =+D49*E49 -> 0 | G49: =+F49*$E$29 -> 0
B50: Thinner | C50: Galon | D50: 0.5 | F50: =+D50*E50 -> 0 | G50: =+F50*$E$29 -> 0
B51: Subtotal Insumos | F51: =+SUM(F44:F50) -> 0 | G51: =SUM(G44:G50) -> 0
B52: TOTAL COSTOS DIRECTOS | F52: =+F42+F51 -> 0 | G52: =+G42+G51 -> 0
B53: 2. COSTOS INDIRECTOS
B54: Herramientas (5% M.O) | F54: =$F$42*$D$24 -> 0 | G54: =+F54*$E$29 -> 0
B55: Elementos de Proteccion Personal (5% M.O) | F55: =$F$42*$D$24 -> 0 | G55: =+F55*$E$29 -> 0
B56: Transporte de Insumos (15% Insumos) | F56: =$F$51*$D$23 -> 0 | G56: =+F56*$E$29 -> 0
B57: TOTAL COSTOS INDIRECTOS | F57: =SUM(F54:F56) -> 0 | G57: =SUM(G54:G56) -> 0
B58: TOTAL COSTOS DIRECTOS + COSTOS INDIRECTOS | F58: =+F52+F57 -> 0 | G58: =+G52+G57 -> 0
B59: CATEGORIA DE INVERSIÓN | C59: Unidades | D59: Tiempo | E59: Duración | F59: Unitario | G59: Total Asistecnica
B60: 3.ASISTENCIA TECNICA
B61: Ingeniero Forestal | C61: 0.01 | D61: Meses | E61: 4 | G61: =+F61*$E$29 -> 0
B62: Subtotal Asistencia técnica | G62: =+G61 -> 0
B63: TOTAL (COSTOS DIRECTOS+COSTOS INDIRECTOS+ASISTENCIAQ TECNICA) | F63: =+F58+F61 -> 0 | G63: =+G58+G62 -> 0
B64: ADMINISTRACION | C64: =+Establecimiento!C74 -> 0.1 | F64: =ROUND($F$63*C64,0) -> 0 | G64: =+F64*$E$29 -> 0
B65: IMPREVISTOS | C65: =+Establecimiento!C75 -> 0.01 | F65: =ROUND($F$63*C65,0) -> 0 | G65: =+F65*$E$29 -> 0
B66: UTILIDAD | C66: =+Establecimiento!C76 -> 0.05 | F66: =ROUND($F$63*C66,0) -> 0 | G66: =+F66*$E$29 -> 0
B67: IVA/UTILIDAD | C67: =+Establecimiento!C77 -> 0.19 | F67: =ROUND(F66*C67,0) -> 0 | G67: =+F67*$E$29 -> 0
B68: IMPUESTOS GUERRA 0,5%+ ESTAMPILLAS 5% | C68: 0 | F68: =ROUND(F63*C68,0) -> 0 | G68: =+F68*$E$29 -> 0
B69: TOTAL COSTO AISLAMIENTO (AIU-- IVA/UTIL)) | F69: =+F63+F64+F65+F66+F67+F68 -> 0 | G69: =+G63+G64+G65+G66+G67+G68 -> 0
B78: ESPECIFICACIONES TÉCNICAS
B79: Tipo de poste | C79: Plastico | E79: Número de hilos de alambre | G79: 4
B80: Dimensión (Largo m - Diámetro cm) | C80: 2.20 m-10cm | E80: Distancia entre hilos (cm) | G80: 25 cm
B81: Inmunización | C81: No | E81: Metros de alambre por rollo | G81: 350
B82: Distancia entre postes (m) | C82: 2.5 | E82: Dimensión del hoyo cms. (prof. x lados) | G82: 50x40x40
B83: Distancia entre pie de amigos (m) | C83: 30 | E83: Número de grapas por Poste | G83: 4
B84: Calibre alambre de púa | C84: 12.5 | E84: Postes y Pie Amigos / KM | G84: 434
B85: Rollos de Alambre / Km | C85: 12 | E85: Kilos de Grapas / KM | G85: 9
B86: Peso Poste Plastico Aprox. (Kg) | C86: 8
B87: Capacidad de Carga Transporte Mular.(Und.) (80KG) | C87: 10
B88: Valor Flete Promedio en la Zona | C88: 20000
B89: Valor Total Fletes / Km | C89: =+(G84/C87)*C88 -> 868000
B91: Valor / Poste Madera | C91: =+[5]EK2018!I34 -> 15138 | D91: =+C91*C92 -> 6569892
B92: Postes / Km | C92: 434
B93: Peso Poste Madera Aprox. (Kg) | C93: 16
B94: Capacidad de Carga Transporte Mular.(Und.) (80KG) | C94: 4
B95: Valor Flete Promedio en la Zona | C95: 20000
B96: Valor Total Fletes / Km | C96: =+(G84/C94)*C95 -> 2170000
B98: Valor Total Postes de Plastico + Fletes / KM | C98: =+C89+E46 -> 868000
B99: Valor Total Postes Madera + Fletes /KM | C99: =+C96+D91 -> 8739892
B101: RENDIMIENTO POR HECTAREA
B102: DESCRIPCION ACTIVIDAD | C102: UNIDAD | D102: CANTIDAD
B103: Trazado | C103: Jornal | D103: 4 | F103: =1+3 -> 4
B104: Ahoyado y repique | C104: Jornal | D104: 10 | F104: =10+3 -> 13
B105: Transporte menor | C105: Flete | D105: 65 | F105: 60
B106: Hincado | C106: Jornal | D106: 4 | F106: =4+3 -> 7
B107: Templado y grapado | C107: Jornal | D107: 5 | F107: =4+3 -> 7
B108: Pintado | C108: Jornal | D108: 3 | F108: =1+3 -> 4
B109: TOTAL

Sheet Mantenimiento
B3: COSTOS MANTENIMIENTO CORTOLIMA
B4: SISTEMA A IMPLEMENTAR: | C4: REFORESTACION PROTECTORA CON ESPECIES NATIVAS
B5: CORPORACIÓN / AAU: | C5: CORTOLIMA
B6: NOMBRE DEL PROYECTO : | C6: Restauración de alto valor de importancia de las zonas protectoras de fuentes hídricas y estratégicas del departamento del Tolima
B8: DISEÑO DE LA PLANTACIÓN | C8: ALEATORIO | E8: Costo Unitario ($)
B10: =+[4]Establec.!B10 -> 1. Número de Plántulas Arboreas por Ha | D10: 1110 | E10: =+'Estudio de Mercado'!J48 -> 5817.7778
B11: 1. Número de Plántulas Arbustivas por Ha | D11: 0 | E11: 0
B12: =+[4]Establec.!B12 -> 3. Porcentaje de reposición % | D12: 0.1
B13: 4. Insumos Agricolas. | C13: Descripcion | D13: Cantidad Aplicación | E13: Costo $ / kg ó Lt
B14: Fertilizante Quimico Compuesto (Gr./Arb.) | C14: Agrimins (NPK.Em) | D14: 32 | E14: =+'Estudio de Mercado'!K7 -> 2206.75
B15: Fertilizante Quimico Simple (Gr./Arb.) | C15: UREA | D15: 50 | E15: =+'Estudio de Mercado'!K8 -> 3707.595
B16: Lombriabono (Gr./Arb.) | C16: Humus | D16: 200 | E16: =ROUND('Estudio de Mercado'!K4,0) -> 1097
B17: Fertilizante Quimico Compuesto (Gr./Arb.) | C17: Triple 15 | D17: 40 | E17: =ROUND('Estudio de Mercado'!K5,0) -> 3348
B18: Insecicida Liquido (Lts/Ha.) | C18: Clorpirifos | D18: 1
B19: Insecicida Liquido (Lts/Ha.) | C19: Cipermetryna | D19: 0.5 | E19: =+'Estudio de Mercado'!J12 -> 34013.5
B20: Insecticida líquido (Lts/Ha.) | C20: Ragen | D20: 0.2 | E20: =ROUND('Estudio de Mercado'!J13,0) -> 217019
B21: Insecicida Granular (Kg./Ha.) | C21: Attakill | D21: 0.5 | E21: =+'Estudio de Mercado'!J10 -> 26794.5
B22: Correctivo (Bulto./Ha.) | C22: Caldolomita | D22: 1 | E22: =ROUND('Estudio de Mercado'!K15,0) -> 236
B23: Correctivo (Gr./Arb.) | C23: Hidroretenedor | D23: 3 | E23: =+'Estudio de Mercado'!J16 -> 45342.95
B24: 5. Costo Jornal Promedio Region (seguridad social, aportes parafiscales, prestaciones sociales) | C24: Jornal | D24: Global | E24: =+'Estudio de Mercado'!B73 -> 54520
B25: 6. Herramientas (5% de la MAO) | C25: Global | D25: 0.05
B26: 7. Elementos de Proteccion Personal (5% de la MO) | C26: Global | D26: 0.05
B27: 8. Costo Flete Promedio Mula (Trans Interno) | C27: Flete | D27: =+Aislamiento!E21 -> 0
B28: 8. Transporte Mayor Insumos (% de Insumos) | C28: Global | D28: 0.1 | G28: 1962 | H28: 359 | I28: =162.5+685 -> 847.5 | J28: =70.5+685 -> 755.5
B31: COSTOS DE MANTENIMIENTO VIGENCIA 2021 | D31: MANTENIMIENTO METAS TOTALES/Has | G31: 0 | H31: =668.2*2 -> 1336.4 | I31: =+G31+685 -> 685
B32: Costos Proyectados a 2016
B33: Duración meses | C33: 8
B34: CATEGORIA DE INVERSIÓN | C34: Unidad | D34: Cantidad / Ha | E34: Valor Unitario ($) | F34: Valor Total/Ha ($) | G34: Valor Total Proyecto ($)
B35: 1. COSTOS DIRECTOS
B36: 1.1. MANO DE OBRA | C36: RENDIMIENTO | I36: 2020
B37: Plateo (2) | C37: Plateo | D37: =+$D$10+$D$11 -> 1110 | E37: =+(($E$24*D75)/D37) -> 589.40541 | F37: =+D37*E37 -> 654240 | G37: =+F37*$G$31 -> 0 | I37: =+'[1]P 5 C.Mant. B.P.'!$F$40 -> 291930
B38: Transporte interno de insumos | C38: Flete | D38: =+D76 -> 4 | E38: =+D27 -> 0 | F38: =+D38*E38 -> 0 | G38: =+F38*$G$31 -> 0 | I38: =+'[1]P 5 C.Mant. B.P.'!$F$44 -> 75000
B39: Reposición (Replante) | C39: Arboles | D39: =+($D$10+$D$11)*D12 -> 111 | E39: =+(($E$24*D77)/D39) -> 982.34234 | F39: =+D39*E39 -> 109040 | G39: =+F39*$G$31 -> 0 | I39: =+'[1]P 5 C.Mant. B.P.'!$F$47 -> 97458
B40: Aplicación de Correctivos | C40: Arboles | D40: =+$D$10+$D$11 -> 1110 | E40: =+(($E$24*D78)/D40) -> 98.234234 | F40: =+D40*E40 -> 109040 | G40: =+F40*$G$31 -> 0 | I40: =+'[1]P 5 C.Mant. B.P.'!$F$42 -> 48840
B41: Aplicación de Fertilizantes (2) | C41: Arboles | D41: =+$D$10+$D$11 -> 1110 | E41: =+(($E$24*D79)/D41) -> 98.234234 | F41: =+D41*E41 -> 109040 | G41: =+F41*$G$31 -> 0 | I41: =+'[1]P 5 C.Mant. B.P.'!$F$43 -> 48840
B42: Control fitosanitario | C42: Arboles | D42: =+$D$10+$D$11 -> 1110 | E42: =+(($E$24*D80)/D42) -> 98.234234 | F42: =+D42*E42 -> 109040 | G42: =+F42*$G$31 -> 0 | I42: =+'[1]P 5 C.Mant. B.P.'!$F$46 -> 97680
B43: Limpias (2) | C43: Mts Cuadrados | D43: 10000 | E43: =+(($E$24*D81)/D43) -> 65.424 | F43: =+D43*E43 -> 654240 | G43: =+F43*$G$31 -> 0 | I43: =+'[1]P 5 C.Mant. B.P.'!$F$48 -> 290000
B44: Adecuacion de Barreras Cortafuego | I44: =+'[1]P 5 C.Mant. B.P.'!$F$49 -> 97528
B45: SUBTOTAL MANO DE OBRA | F45: =+SUM(F37:F44) -> 1744640 | G45: =+SUM(G37:G44) -> 0 | I45: =SUM(I37:I44) -> 1047276
B46: 1.2. INSUMOS
B47: Plántulas 10% repos. | C47: Plantulas | D47: =ROUNDUP(D10*D12,0) -> 111 | E47: =+E10 -> 5817.7778 | F47: =+D47*E47 -> 645773.33 | G47: =+F47*$G$31 -> 0 | H47: =+'[1]P 5 C.Mant. B.P.'!$D$52 -> 111 | I47: =+'[1]P 5 C.Mant. B.P.'!$F$52 -> 149073 | J47: ESTABAN TOMANDO MAL EL PORCENTAJE
B48: Triple 15 | C48: Kg. | D48: =ROUNDUP(($D$10*D17*2)/1000,0) -> 89 | E48: =+E17 -> 3348 | F48: =+D48*E48 -> 297972 | G48: =+F48*$G$31 -> 0 | H48: =+'[1]P 5 C.Mant. B.P.'!$D$53 -> 56 | I48: =+'[1]P 5 C.Mant. B.P.'!$F$53 -> 0 | J48: HAY GRAN DIFERENCIA EN LA APLICABILIDAD
B49: Humus | C49: Kg. | D49: =ROUNDUP(($D$47*D16)/1000,0) -> 23 | E49: =+E16 -> 1097 | F49: =+D49*E49 -> 25231 | G49: =+F49*$G$31 -> 0 | H49: =+'[1]P 5 C.Mant. B.P.'!$D$55 -> 222 | I49: =+'[1]P 5 C.Mant. B.P.'!$F$55 -> 377844 | J49: DIFERENCIA EN LA APLICABILIDAD ESTA MAL AMARRADA LA FORMULA EL MANTENIMIENTO SE LE HACE A TODAS LAS 1221 PLANTULAS
B50: Cipermetryna | C50: Litro | D50: =+D19 -> 0.5 | E50: =+E19 -> 34013.5 | F50: =+D50*E50 -> 17006.75 | G50: =+F50*$G$31 -> 0
B51: =+C21 -> Attakill | C51: Kg. | D51: =ROUNDUP(($D$10*D21)/1000,0) -> 1 | E51: =+E21 -> 26794.5 | F51: =+D51*E51 -> 26794.5 | G51: =+F51*$G$31 -> 0 | H51: =+'[1]P 5 C.Mant. B.P.'!$D$57 -> 1 | I51: =+'[1]P 5 C.Mant. B.P.'!$F$57 -> 44733
B52: =+C22 -> Caldolomita | C52: Bulto | D52: =ROUNDUP(($D$47*D22)/1000,0) -> 1 | E52: =+E22 -> 236 | F52: =+D52*E52 -> 236 | G52: =+F52*$G$31 -> 0 | H52: =+'[1]P 5 C.Mant. B.P.'!$D$58 -> 50 | I52: =+'[1]P 5 C.Mant. B.P.'!$F$58 -> 10650 | J52: HAY GRAN DIFERENCIA EN LA APLICABILIDAD
B53: =+C23 -> Hidroretenedor | C53: Kg. | D53: =+(D23*D47)/1000 -> 0.333 | E53: =+E23 -> 45342.95 | F53: =ROUND(D53*E53,0) -> 15099 | G53: =+F53*$G$31 -> 0 | H53: =+'[1]P 5 C.Mant. B.P.'!$D$59 -> 4 | I53: =+'[1]P 5 C.Mant. B.P.'!$E$59 -> 44686 | J53: HAY GRAN DIFERENCIA EN LA APLICABILIDAD
B54: SUBTOTAL INSUMOS | F54: =+SUM(F47:F53) -> 1028112.6 | G54: =+SUM(G47:G53) -> 0 | I54: =SUM(I47:I53) -> 626986
B55: TOTAL COSTOS DIRECTOS ( MAO+INSUMOS) | F55: =+F45+F54 -> 2772752.6 | G55: =+F55*$G$31 -> 0
B56: 2. COSTOS INDIRECTOS
B57: Herramientas (5% MANO DE OBRA NO CALIFICADA) | F57: =ROUND($F$45*$D$25,0) -> 87232 | G57: =+F57*G31 -> 0
B58: Elementos de Proteccion Personal (5% MANO DE OBRA NO CALIFICADA) | F58: =ROUND($F$45*$D$25,0) -> 87232 | G58: =+F58*G31 -> 0
B59: Transp. Insumos (10% insumos) | F59: =ROUNDUP(F54*D28,0) -> 102812 | G59: =+F59*$G$31 -> 0
B60: TOTAL COSTOS INDIRECTOS | F60: =SUM(F57:F59) -> 277276 | G60: =SUM(G57:G59) -> 0
B61: SUBTOTAL COSTO DIRECTOS + COSTOS INDIRECTOS | F61: =+F55+F60 -> 3050028.6 | G61: =+G55+G60 -> 0
B62: CATEGORIA DE INVERSIÓN | C62: Unidades | D62: Tiempo | E62: Duración | F62: Unitario | G62: Total Asistecnica
B63: Ingeniero forestal | C63: 0.01 | D63: Meses | E63: 6 | F63: =3800000*E63*C63 -> 228000 | G63: =+F63*$G$31 -> 0 | I63: 0.4 | J63: 8 | K63: 3600000 | L63: =ROUND(I63*J63*K63,0) -> 11520000
B64: ASISTENCIA TECNICA | F64: =+F63 -> 228000 | G64: =+G63 -> 0
B65: TOTAL COSTOS (COSTOS DIRECTOS+COSTOS INDIRECTOS+ASISTENCIA TECNICA) | F65: =+F61+F64 -> 3278028.6 | G65: =+G61+G64 -> 0 | I65: =+G31-I66-I67-I68 -> -2289 | J65: =+I65*$F$70 -> -8.7752331e+09
B66: ADMINISTRACION | C66: 0.1 | F66: =ROUND($F$65*C66,0) -> 327803 | G66: =+C66*$G$65 -> 0 | I66: 848 | J66: =+I66*$F$70 -> 3.2509382e+09
B67: IMPREVISTOS | C67: 0.01 | F67: =ROUND($F$65*C67,0) -> 32780 | G67: =+C67*$G$65 -> 0 | I67: 756 | J67: =+I67*$F$70 -> 2.8982421e+09
B68: UTILIDAD | C68: 0.05 | F68: =ROUND($F$65*C68,0) -> 163901 | G68: =+C68*$G$65 -> 0 | I68: 685 | J68: =+I68*$F$70 -> 2.6260527e+09
B69: IVA/UTILIDAD | C69: 0.19 | F69: =ROUND(F68*C69,0) -> 31141 | G69: =+C69*$G$68 -> 0
B70: TOTAL COSTO MANTENIMIENTO | F70: =+F65+F66+F69+F68+F67 -> 3833653.6 | G70: =+G65+G66+G69+G68+G67 -> 0 | H70: =+F70*718 -> 2.7525633e+09
G71: =+G70+Aislamiento!G69+Enriquecimiento!G78 -> 0 | H71: =+H70*1.15 -> 3.1654478e+09
H72: =+H71+Aislamiento!G69 -> 3.1654478e+09 | I72: =+H72-1250000000 -> 1.9154478e+09
B73: RENDIMIENTO POR HECTAREA | I73: =+Enriquecimiento!G78*1.15 -> 0
B74: DESCRIPCION ACTIVIDAD | C74: UNIDAD | D74: CANTIDAD | I74: =+I73+I72 -> 1.9154478e+09
B75: Plateo | C75: Jornal | D75: 12
B76: Transporte interno de insumos | C76: Flete | D76: 4
B77: Reposición (Replante) | C77: Jornal | D77: 2
B78: Aplicación de Correctivos | C78: Jornal | D78: 2
B79: Aplicación de Fertilizantes | C79: Jornal | D79: 2
B80: Control fitosanitario | C80: Jornal | D80: 2
B81: Limpias | C81: Jornal | D81: 12
D83: 36 jornaleles

Sheet Enriquecimiento
B3: COSTOS ESTABLECIMIENTO CORTOLIMA
B4: SISTEMA A IMPLEMENTAR: | C4: REFORESTACION PROTECTORA CON ESPECIES NATIVAS
B5: CORPORACIÓN / AAU: | C5: CORTOLIMA
B6: NOMBRE DEL PROYECTO : | C6: Restauración de alto valor de importancia de las zonas protectoras de fuentes hídricas y estratégicas del departamento del Tolima
B8: DISEÑO DE LA PLANTACIÓN | C8: ALEATORIO | E8: Costo Unitario ($)
B10: =+[4]Establec.!B10 -> 1. Número de Plántulas Arboreas por Ha | D10: 440 | E10: =+'Estudio de Mercado'!J48 -> 5817.7778
B11: 1. Número de Plántulas Arbustivas por Ha
B12: =+[4]Establec.!B12 -> 3. Porcentaje de reposición % | D12: 0.1 | F12: el porcentaje de reñosición estaba 10 solamente
B13: 4. Insumos Agricolas. | C13: Descripcion | D13: Cantidad Aplicación | E13: Costo $ / kg ó Lt
B14: Fertilizante Quimico Compuesto (Gr./Arb.) | C14: Agrimins ( NPK.Em 8-5-6) | D14: 50 | E14: =+'Estudio de Mercado'!K7 -> 2206.75
B15: Fertilizante Quimico Compuesto (Gr./Arb.) | C15: 15-15-15 | D15: 50 | E15: =ROUND('Estudio de Mercado'!K5,0) -> 3348
B16: Fertilizante Quimico Simple (Gr./Arb.) | C16: UREA | D16: 50 | E16: =+'Estudio de Mercado'!K8 -> 3707.595
B17: Lombriabono (Gr./Arb.) | C17: Humus | D17: 200 | E17: =ROUND('Estudio de Mercado'!K4,0) -> 1097
B18: Abonaza (Gr./Arb.) | C18: Gallinaza - Compost | D18: 150 | E18: =ROUND('Estudio de Mercado'!J11,0) -> 46049
B19: Insecticida Liquido (Lts/Ha.) | C19: Lorsban 4E | D19: 0.5 | E19: =+'Estudio de Mercado'!J9 -> 192348
B20: Insecicida Liquido (Lts/Ha.) | C20: Cipermetryna | D20: 1 | E20: =+'Estudio de Mercado'!J12 -> 34013.5
B21: Insecticida líquido (Lts/Ha.) | C21: Regent | D21: 0.2 | E21: =ROUND('Estudio de Mercado'!J13,0) -> 217019
B22: Insecticida Granular (Lb./Ha.) | C22: Hormiguicida Granular | D22: 1 | E22: =+'Estudio de Mercado'!J10 -> 26794.5
B23: Correctivo (Kg/Ha.) | C23: Caldolomita | D23: 50 | E23: =ROUND('Estudio de Mercado'!K15,0) -> 236
B24: Correctivo (Gr./Arb.) | C24: Hidroretenedor | D24: 3 | E24: =+'Estudio de Mercado'!J16 -> 45342.95
B25: 5. Costo Jornal Promedio Region (seguridad social, aportes parafiscales, prestaciones sociales) | C25: Jornal | D25: Global | E25: =+'Estudio de Mercado'!B73 -> 54520
B26: 6. Herramientas (5% de la MAO) | C26: Global | D26: 0.05
B27: 7. Elementos de Proteccion Personal (5% de la MO) | C27: Global | D27: 0.05
B28: 8. Costo Flete Promedio Mula (Trans Interno) | C28: Flete | D28: =+Mantenimiento!D27 -> 0
B29: 8. Transporte Mayor Insumos (% de Insumos) | C29: Global | D29: =+[4]Establec.!D30 -> 0.15
B32: COSTOS DE ESTABLECIMIENTO VIGENCIA 2020 | D32: ESTABLECIMIENTO METAS TOTALES/Has | G32: 0 | H32: =+G32+425+37.3 -> 462.3
B33: Costos Proyectados a 2020
B34: Duración meses
B35: CATEGORIA DE INVERSIÓN | C35: Unidad | D35: Cantidad / Ha | E35: Valor Unitario ($) | F35: Valor Total/Ha ($) | G35: Valor Total Proyecto ($)
B36: 1. COSTOS DIRECTOS
B37: 1.1. MANO DE OBRA | C37: RENDIMIENTO | I37: 2020
B38: Preparación del terreno | C38: Mts Cuadrados | D38: 10000 | E38: =+(($E$25*D83)/D38) -> 32.712 | F38: =+D38*E38 -> 327120 | G38: =+F38*$G$32 -> 0 | I38: =+'[1]P 6 C.Mant.E. Forest.'!A36 -> Preparación del terreno | J38: =+'[1]P 6 C.Mant.E. Forest.'!D36 -> 0 | K38: =+'[1]P 6 C.Mant.E. Forest.'!E36 -> 0
B39: Trazado | C39: Arboles | D39: =+$D$10+$D$11 -> 440 | E39: =+(($E$25*D84)/D39) -> 247.81818 | F39: =+D39*E39 -> 109040 | G39: =+F39*$G$32 -> 0 | I39: =+'[1]P 6 C.Mant.E. Forest.'!A37 -> Trazado | J39: =+'[1]P 6 C.Mant.E. Forest.'!D37 -> 0 | K39: =+'[1]P 6 C.Mant.E. Forest.'!E37 -> 0
B40: Plateo | C40: Plateo | D40: =+$D$10+$D$11 -> 440 | E40: =+(($E$25*D85)/D40) -> 247.81818 | F40: =+D40*E40 -> 109040 | G40: =+F40*$G$32 -> 0 | I40: =+'[1]P 6 C.Mant.E. Forest.'!A38 -> Plateo | J40: =+'[1]P 6 C.Mant.E. Forest.'!D38 -> 527 | K40: =+'[1]P 6 C.Mant.E. Forest.'!E38 -> 292485
B41: Ahoyado y Repique | C41: Arboles | D41: =+$D$10+$D$11 -> 440 | E41: =+(($E$25*D86)/D41) -> 743.45455 | F41: =+D41*E41 -> 327120 | G41: =+F41*$G$32 -> 0 | I41: =+'[1]P 6 C.Mant.E. Forest.'!A39 -> Ahoyado y Repique | J41: =+'[1]P 6 C.Mant.E. Forest.'!D39 -> 0 | K41: =+'[1]P 6 C.Mant.E. Forest.'!E39 -> 0
B42: Aplicación de Correctivos | C42: Arboles | D42: =+$D$10+$D$11 -> 440 | E42: =+(($E$25*D87)/D42) -> 247.81818 | F42: =+D42*E42 -> 109040 | G42: =+F42*$G$32 -> 0 | I42: =+'[1]P 6 C.Mant.E. Forest.'!A40 -> Aplicación de Correctivos | J42: =+'[1]P 6 C.Mant.E. Forest.'!D40 -> 88 | K42: =+'[1]P 6 C.Mant.E. Forest.'!E40 -> 48840
B43: Aplicación de Fertilizantes | C43: Arboles | D43: =+$D$10+$D$11 -> 440 | E43: =+(($E$25*D88)/D43) -> 247.81818 | F43: =+D43*E43 -> 109040 | G43: =+F43*$G$32 -> 0 | I43: =+'[1]P 6 C.Mant.E. Forest.'!A41 -> Aplicación de Fertilizantes | J43: =+'[1]P 6 C.Mant.E. Forest.'!D41 -> 88 | K43: =+'[1]P 6 C.Mant.E. Forest.'!E41 -> 48840
B44: Transporte interno de insumos | C44: Flete | D44: =+D89 -> 12 | E44: =+D28 -> 0 | F44: =+D44*E44 -> 0 | G44: =+F44*$G$32 -> 0 | I44: =+'[1]P 6 C.Mant.E. Forest.'!A42 -> Transporte interno de insumos | J44: =+'[1]P 6 C.Mant.E. Forest.'!D42 -> 25000 | K44: =+'[1]P 6 C.Mant.E. Forest.'!E42 -> 75000
B45: Plantación (siembra) | C45: Arboles | D45: =+$D$10+$D$11 -> 440 | E45: =+(($E$25*D90)/D45) -> 743.45455 | F45: =+D45*E45 -> 327120 | G45: =+F45*$G$32 -> 0 | I45: =+'[1]P 6 C.Mant.E. Forest.'!A43 -> Plantación (siembra) | J45: =+'[1]P 6 C.Mant.E. Forest.'!D43 -> 0 | K45: =+'[1]P 6 C.Mant.E. Forest.'!E43 -> 0
B46: Control fitosanitario | C46: Arboles | D46: =+$D$10+$D$11 -> 440 | E46: =+(($E$25*D91)/D46) -> 247.81818 | F46: =+D46*E46 -> 109040 | G46: =+F46*$G$32 -> 0 | I46: =+'[1]P 6 C.Mant.E. Forest.'!A44 -> Control fitosanitario | J46: =+'[1]P 6 C.Mant.E. Forest.'!D44 -> 176 | K46: =+'[1]P 6 C.Mant.E. Forest.'!E44 -> 97680
B47: Reposición (Replante) | C47: Arboles | D47: =+($D$10+$D$11)*D12 -> 44 | E47: =+(($E$25*D92)/D47) -> 2478.1818 | F47: =+D47*E47 -> 109040 | G47: =+F47*$G$32 -> 0 | I47: =+'[1]P 6 C.Mant.E. Forest.'!A45 -> Reposición (Replante) | J47: =+'[1]P 6 C.Mant.E. Forest.'!D45 -> 1756 | K47: =+'[1]P 6 C.Mant.E. Forest.'!E45 -> 97458
B48: Limpias | C48: Mts Cuadrados | D48: 10000 | E48: =+(($E$25*D93)/D48) -> 32.712 | F48: =+D48*E48 -> 327120 | G48: =+F48*$G$32 -> 0 | I48: =+'[1]P 6 C.Mant.E. Forest.'!A46 -> Limpias | J48: =+'[1]P 6 C.Mant.E. Forest.'!D46 -> 29 | K48: =+'[1]P 6 C.Mant.E. Forest.'!E46 -> 290000
B49: Adecuacion de Barreras Cortafuego | C49: Mts Lineales | D49: 167 | E49: =+(($E$25*D94)/D49) -> 652.93413 | F49: =+D49*E49 -> 109040 | G49: =+F49*$G$32 -> 0 | I49: =+'[1]P 6 C.Mant.E. Forest.'!A47 -> Adecuacion de Barreras Cortafuego | J49: =+'[1]P 6 C.Mant.E. Forest.'!D47 -> 584 | K49: =+'[1]P 6 C.Mant.E. Forest.'!E47 -> 97528
B50: SUBTOTAL MANO DE OBRA | F50: =+SUM(F38:F49) -> 2071760 | G50: =+SUM(G38:G49) -> 0 | K50: =SUM(K38:K49) -> 1047831
B51: 1.2. INSUMOS
B52: Plántulas +10% repos. | C52: Plantulas | D52: =(D10*(1+D12)) -> 484 | E52: =+E10 -> 5817.7778 | F52: =+D52*E52 -> 2815804.4 | G52: =+F52*$G$32 -> 0 | J52: =+'[1]P 6 C.Mant.E. Forest.'!C50 -> 55.5 | K52: =+'[1]P 6 C.Mant.E. Forest.'!E50 -> 74537
B53: Fertilizante químico compuesto (15-15-15) | C53: Kg. | D53: =ROUNDUP(($D$10*D15)/1000,0) -> 22 | E53: =+E15 -> 3348 | F53: =+D53*E53 -> 73656 | G53: =+F53*$G$32 -> 0 | J53: =+'[1]P 6 C.Mant.E. Forest.'!C51 -> 31 | K53: =+'[1]P 6 C.Mant.E. Forest.'!E51 -> 0
B54: Fertilizante químico compuesto (Elementos menores 8-5-6) | C54: Kg. | D54: =ROUNDUP(($D$10*D14)/1000,0) -> 22 | E54: =+E14 -> 2206.75 | F54: =+D54*E54 -> 48548.5 | G54: =+F54*$G$32 -> 0 | J54: =+'[1]P 6 C.Mant.E. Forest.'!C52 -> 24 | K54: =+'[1]P 6 C.Mant.E. Forest.'!E52 -> 59640
B55: Humus | C55: Kg. | D55: =ROUNDUP(($D$10*D17)/1000,0) -> 88 | E55: =+E17 -> 1097 | F55: =+D55*E55 -> 96536 | G55: =+F55*$G$32 -> 0 | J55: =+'[1]P 6 C.Mant.E. Forest.'!C53 -> 0 | K55: =+'[1]P 6 C.Mant.E. Forest.'!E53 -> 0
B56: Lorban 4E | C56: Litro | D56: =+D19 -> 0.5 | E56: =+E19 -> 192348 | F56: =+D56*E56 -> 96174 | G56: =+F56*$G$32 -> 0 | J56: =+'[1]P 6 C.Mant.E. Forest.'!C54 -> 0.5 | K56: =+'[1]P 6 C.Mant.E. Forest.'!E54 -> 25000
B57: Insecticida granulado a base de Sulfluramida | C57: Kg. | D57: =ROUNDUP(($D$10*D22)/1000,0) -> 1 | E57: =+E22 -> 26794.5 | F57: =+D57*E57 -> 26794.5 | G57: =+F57*$G$32 -> 0 | J57: =+'[1]P 6 C.Mant.E. Forest.'!C55 -> 1 | K57: =+'[1]P 6 C.Mant.E. Forest.'!E55 -> 44733
B58: =+C23 -> Caldolomita | C58: Kg. | D58: =ROUNDUP(($D$10*D23)/1000,0) -> 22 | E58: =+E23 -> 236 | F58: =+D58*E58 -> 5192 | G58: =+F58*$G$32 -> 0 | J58: =+'[1]P 6 C.Mant.E. Forest.'!C56 -> 50 | K58: =+'[1]P 6 C.Mant.E. Forest.'!E56 -> 10650
B59: =+C24 -> Hidroretenedor | C59: Kg. | D59: =ROUNDUP(($D$10*D24)/1000,0) -> 2 | E59: =+E24 -> 45342.95 | F59: =+D59*E59 -> 90685.9 | G59: =+F59*$G$32 -> 0 | J59: =+'[1]P 6 C.Mant.E. Forest.'!C57 -> 2 | K59: =+'[1]P 6 C.Mant.E. Forest.'!E57 -> 89372
B60: SUBTOTAL INSUMOS | F60: =+SUM(F52:F59) -> 3253391.3 | G60: =+SUM(G52:G59) -> 0 | K60: =SUM(K52:K59) -> 303932
B61: TOTAL COSTOS DIRECTOS ( MAO+INSUMOS) | F61: =+F50+F60 -> 5325151.3 | G61: =+F61*$G$32 -> 0
B62: 2. COSTOS INDIRECTOS
B63: Herramientas (5% MANO DE OBRA NO CALIFICADA) | F63: =ROUND($F$50*$D$26,0) -> 103588 | G63: =+F63*G32 -> 0
B64: Elementos de Proteccion Personal (5% MANO DE OBRA NO CALIFICADA) | F64: =ROUND($F$50*$D$26,0) -> 103588 | G64: =+F64*G32 -> 0
B65: Transp. Insumos (15% insumos) | F65: =ROUND(F60*D29,0) -> 488009 | G65: =+F65*$G$32 -> 0
B66: TOTAL COSTOS INDIRECTOS | F66: =SUM(F63:F65) -> 695185 | G66: =SUM(G63:G65) -> 0
B67: SUBTOTAL COSTO ACTIVIDADES DE ESTABLECIMIENTO | F67: =+F61+F66 -> 6020336.3 | G67: =+G61+G66 -> 0
B68: CATEGORIA DE INVERSIÓN | C68: Unidades | D68: Tiempo | E68: Duración | F68: Unitario | G68: Total Asistencia
B69: ASISTENCIA TECNICA
B70: Ingeniero Forestal | C70: 0.01 | D70: Meses | E70: 6 | F70: =3800000*E70*C70 -> 228000 | G70: =+F70*$G$32 -> 0 | J70: =1/50 -> 0.02 | K70: 4 | L70: 4000000 | M70: =+J70*K70*L70 -> 320000
B71: SUBTOTAL | F71: =+F70 -> 228000 | G71: =+G70 -> 0
B72: TOTAL COSTOS ACTIVIDADES DE ESTABLECIMIENTO +ASISTENCIA TECNICA | F72: =+F67+F71 -> 6248336.3 | G72: =+G67+G71 -> 0
B73: =+Establecimiento!B74 -> ADMINISTRACION 10% | C73: 0.1 | F73: =ROUND($F$72*C73,0) -> 624834 | G73: =+F73*$G$32 -> 0
B74: =+Establecimiento!B75 -> IMPREVISTOS 1% | C74: =+Establecimiento!C75 -> 0.01 | F74: =ROUND($F$72*C74,0) -> 62483 | G74: =+F74*$G$32 -> 0
B75: =+Establecimiento!B76 -> UTILIDAD 5% | C75: 0.05 | F75: =ROUND($F$72*C75,0) -> 312417 | G75: =+F75*$G$32 -> 0
B76: =+Establecimiento!B77 -> IVA/UTILIDAD 19% | C76: =+Establecimiento!C77 -> 0.19 | F76: =ROUND(F75*C76,0) -> 59359 | G76: =+F76*$G$32 -> 0
B77: =+Establecimiento!B78 -> IMPUESTOS GUERRA 0,5%+ ESTAMPILLAS 5% | C77: =+Establecimiento!C78 -> 0 | F77: =ROUND($F$72*C77,0) -> 0 | G77: =+C77*G72 -> 0
B78: TOTAL COSTO ESTABLECIMIENTO | F78: =+F72+F73+F74+F75+F76+F77 -> 7307429.3 | G78: =+G72+G73+G74+G75+G76+G77 -> 0
B81: RENDIMIENTO POR HECTAREA
B82: DESCRIPCION ACTIVIDAD | C82: UNIDAD | D82: CANTIDAD
B83: Primera limpia (Preparacion del terreno) | C83: Jornal | D83: 6
B84: Trazado | C84: Jornal | D84: 2
B85: Plateo | C85: Jornal | D85: 2
B86: Ahoyado y repique | C86: Jornal | D86: 6
B87: Aplicación de Correctivos | C87: Jornal | D87: 2
B88: Aplicación de Fertilizantes | C88: Jornal | D88: 2
B89: Transporte interno de insumos | C89: Flete | D89: 12
B90: Siembra | C90: Jornal | D90: 6 | F90: =550/80 -> 6.875
B91: Control fitosanitario | C91: Jornal | D91: 2
B92: Reposición (Replante) | C92: Jornal | D92: 2
B93: Segunda Limpia | C93: Jornal | D93: 6
B94: Adecuacion de Barreras Cortafuego | C94: Jornal | D94: 2

Sheet Mantenimientos
B3: COSTOS MANTENIMIENTO CORTOLIMA
B4: SISTEMA A IMPLEMENTAR: | C4: REFORESTACION PROTECTORA CON PALMA DE CERA Y ESPECIES ASOCIADAS
B5: CORPORACIÓN / AAU: | C5: CORTOLIMA
B6: NOMBRE DEL PROYECTO : | C6: Desarrollo DE BOSQUE DE NIEBLA, ESTRATEGIA PILOTO EN EL DEPARTAMENTO DEL TOLIMA
B8: DISEÑO DE LA PLANTACIÓN | C8: ALEATORIO | E8: Costo Unitario ($)
B10: =+[4]Establec.!B10 -> 1. Número de Plántulas Arboreas por Ha | D10: 800 | E10: =+Establecimiento!E10 -> 0
B11: 1. Número de Plántulas Arbustivas por Ha | D11: 400 | E11: =+Establecimiento!E11 -> 0
B12: 3. Porcentaje de reposición 15% Palma | D12: 0.3
B13: 3. Porcentaje de reposición 10% | D13: 0.2
B14: 4. Insumos Agricolas. | C14: Descripcion | D14: Cantidad Aplicación | E14: Costo $ / kg ó Lt
B15: Fertilizante Quimico Compuesto (Gr./Arb.) | C15: Agrimins (NPK.Em) | D15: 32
B16: Fertilizante Quimico Simple (Gr./Arb.) | C16: UREA | D16: 50
B17: Lombriabono (Gr./Arb.) | C17: Humus | D17: 200
B18: Fertilizante Quimico Compuesto (Gr./Arb.) | C18: Triple 15 | D18: 40
B19: Insecicida Liquido (Lts/Ha.) | C19: Clorpirifos | D19: 1
B20: Insecicida Liquido (Lts/Ha.) | C20: Cipermetryna | D20: 0.5
B21: Insecticida líquido (Lts/Ha.) | C21: Ragen | D21: 0.2
B22: Insecicida Granular (Kg./Ha.) | C22: Attakill | D22: 0.5
B23: Correctivo (Bulto./Ha.) | C23: Caldolomita | D23: 1
B24: Correctivo (Gr./Arb.) | C24: Hidroretenedor | D24: 3
B25: 5. Costo Jornal Promedio Region (seguridad social, aportes parafiscales, prestaciones sociales) | C25: Jornal | D25: Global
B26: 6. Herramientas (5% de la MAO) | C26: Global | D26: 0.05
B27: 7. Elementos de Proteccion Personal (5% de la MO) | C27: Global | D27: 0.05
B28: 8. Costo Flete Promedio Mula (Trans Interno) | C28: Flete | D28: 50000
B29: 8. Transporte Mayor Insumos (% de Insumos) | C29: Global | D29: 0.15 | H29: 359 | I29: =162.5+685 -> 847.5 | J29: =70.5+685 -> 755.5
B32: COSTOS DE MANTENIMIENTO VIGENCIA 2022 | D32: MANTENIMIENTO METAS TOTALES/Has | G32: 12.5 | I32: =+G32+685 -> 697.5
B33: Costos Proyectados a 2016
B34: Duración meses | C34: 8
B35: CATEGORIA DE INVERSIÓN | C35: Unidad | D35: Cantidad / Ha | E35: Valor Unitario ($) | F35: Valor Total/Ha ($) | G35: Valor Total Proyecto ($)
B36: 1. COSTOS DIRECTOS
B37: 1.1. MANO DE OBRA | C37: RENDIMIENTO | I37: 2020
B38: Plateo (2) | C38: Plateo | D38: =+$D$10+$D$11 -> 1200 | F38: =+D38*E38 -> 0 | G38: =+F38*$G$32 -> 0 | I38: =+'[1]P 5 C.Mant. B.P.'!$F$40 -> 291930
B39: Transporte interno de insumos | C39: Flete | D39: =+D79 -> 6 | F39: =+D39*E39 -> 0 | G39: =+F39*$G$32 -> 0 | I39: =+'[1]P 5 C.Mant. B.P.'!$F$44 -> 75000
B40: Reposición (Replante) | C40: Arboles | D40: =+($D$10+$D$11)*D13 -> 240 | F40: =+D40*E40 -> 0 | G40: =+F40*$G$32 -> 0 | I40: =+'[1]P 5 C.Mant. B.P.'!$F$47 -> 97458
B41: Aplicación de Correctivos | C41: Arboles | D41: =+$D$10+$D$11 -> 1200 | F41: =+D41*E41 -> 0 | G41: =+F41*$G$32 -> 0 | I41: =+'[1]P 5 C.Mant. B.P.'!$F$42 -> 48840
B42: Aplicación de Fertilizantes (2) | C42: Arboles | D42: =+$D$10+$D$11 -> 1200 | F42: =+D42*E42 -> 0 | G42: =+F42*$G$32 -> 0 | I42: =+'[1]P 5 C.Mant. B.P.'!$F$43 -> 48840
B43: Control fitosanitario | C43: Arboles | D43: =+$D$10+$D$11 -> 1200 | F43: =+D43*E43 -> 0 | G43: =+F43*$G$32 -> 0 | I43: =+'[1]P 5 C.Mant. B.P.'!$F$46 -> 97680
B44: Limpias (2) | C44: Mts Cuadrados | D44: 10000 | F44: =+D44*E44 -> 0 | G44: =+F44*$G$32 -> 0 | I44: =+'[1]P 5 C.Mant. B.P.'!$F$48 -> 290000
B45: Adecuacion de Barreras Cortafuego | I45: =+'[1]P 5 C.Mant. B.P.'!$F$49 -> 97528
B46: SUBTOTAL MANO DE OBRA | F46: =+SUM(F38:F45) -> 0 | G46: =+SUM(G38:G45) -> 0 | I46: =SUM(I38:I45) -> 1047276
B47: 1.2. INSUMOS
B48: Plántulas 10% repos. | C48: Plantulas | D48: =ROUNDUP(D10*D13,0) -> 160 | F48: =+D48*E48 -> 0 | G48: =+F48*$G$32 -> 0 | H48: =+'[1]P 5 C.Mant. B.P.'!$D$52 -> 111 | I48: =+'[1]P 5 C.Mant. B.P.'!$F$52 -> 149073 | J48: ESTABAN TOMANDO MAL EL PORCENTAJE
B49: Plántulas 15% repos Palma | C49: Plantulas | D49: =ROUNDUP(D11*D12,0) -> 120 | F49: =+D49*E49 -> 0 | G49: =+F49*$G$32 -> 0
B50: Triple 15 | C50: Kg. | D50: =ROUNDUP(($D$10*D18*2)/1000,0) -> 64 | F50: =+D50*E50 -> 0 | G50: =+F50*$G$32 -> 0 | H50: =+'[1]P 5 C.Mant. B.P.'!$D$53 -> 56 | I50: =+'[1]P 5 C.Mant. B.P.'!$F$53 -> 0 | J50: HAY GRAN DIFERENCIA EN LA APLICABILIDAD
B51: Humus | C51: Kg. | D51: =ROUNDUP(($D$48*D17)/1000,0) -> 32 | F51: =+D51*E51 -> 0 | G51: =+F51*$G$32 -> 0 | H51: =+'[1]P 5 C.Mant. B.P.'!$D$55 -> 222 | I51: =+'[1]P 5 C.Mant. B.P.'!$F$55 -> 377844 | J51: DIFERENCIA EN LA APLICABILIDAD ESTA MAL AMARRADA LA FORMULA EL MANTENIMIENTO SE LE HACE A TODAS LAS 1221 PLANTULAS
B52: Cipermetryna | C52: Litro | D52: =+D20 -> 0.5 | F52: =+D52*E52 -> 0 | G52: =+F52*$G$32 -> 0
B53: =+C22 -> Attakill | C53: Kg. | D53: =ROUNDUP(($D$10*D22)/1000,0) -> 1 | F53: =+D53*E53 -> 0 | G53: =+F53*$G$32 -> 0 | H53: =+'[1]P 5 C.Mant. B.P.'!$D$57 -> 1 | I53: =+'[1]P 5 C.Mant. B.P.'!$F$57 -> 44733
B54: =+C23 -> Caldolomita | C54: Bulto | D54: =ROUNDUP(($D$48*D23)/1000,0) -> 1 | F54: =+D54*E54 -> 0 | G54: =+F54*$G$32 -> 0 | H54: =+'[1]P 5 C.Mant. B.P.'!$D$58 -> 50 | I54: =+'[1]P 5 C.Mant. B.P.'!$F$58 -> 10650 | J54: HAY GRAN DIFERENCIA EN LA APLICABILIDAD
B55: =+C24 -> Hidroretenedor | C55: Kg. | D55: =+(D24*D48)/1000 -> 0.48 | F55: =ROUND(D55*E55,0) -> 0 | G55: =+F55*$G$32 -> 0 | H55: =+'[1]P 5 C.Mant. B.P.'!$D$59 -> 4 | I55: =+'[1]P 5 C.Mant. B.P.'!$E$59 -> 44686 | J55: HAY GRAN DIFERENCIA EN LA APLICABILIDAD
B56: SUBTOTAL INSUMOS | F56: =+SUM(F48:F55) -> 0 | G56: =+SUM(G48:G55) -> 0 | I56: =SUM(I48:I55) -> 626986
B57: TOTAL COSTOS DIRECTOS ( MAO+INSUMOS) | F57: =+F46+F56 -> 0 | G57: =+F57*$G$32 -> 0
B58: 2. COSTOS INDIRECTOS
B59: Herramientas (5% MANO DE OBRA NO CALIFICADA) | F59: =ROUND($F$46*$D$26,0) -> 0 | G59: =+F59*G32 -> 0
B60: Elementos de Proteccion Personal (5% MANO DE OBRA NO CALIFICADA) | F60: =ROUND($F$46*$D$26,0) -> 0 | G60: =+F60*G32 -> 0
B61: Transp. Insumos (15% insumos) | F61: =ROUNDUP(F56*D29,0) -> 0 | G61: =+F61*$G$32 -> 0
B62: TOTAL COSTOS INDIRECTOS | F62: =SUM(F59:F61) -> 0 | G62: =SUM(G59:G61) -> 0
B63: SUBTOTAL COSTO DIRECTOS + COSTOS INDIRECTOS | F63: =+F57+F62 -> 0 | G63: =+G57+G62 -> 0
B64: CATEGORIA DE INVERSIÓN | C64: Unidades | D64: Tiempo | E64: Duración | F64: Unitario | G64: Total Asistencia
B65: ASISTENCIA TECNICA
B66: Ingeniero Forestal | C66: 0.01 | D66: Meses | E66: 8 | G66: =+F66*$G$32 -> 0
B67: SUBTOTAL | G67: =+G66 -> 0
B68: TOTAL COSTOS (COSTOS DIRECTOS+COSTOS INDIRECTOS+ASISTENCIA TECNICA) | F68: =+F63+F67 -> 0 | G68: =+G63+G67 -> 0 | I68: =+G32-I69-I70-I71 -> -2276.5 | J68: =+I68*$F$73 -> 0
B69: ADMINISTRACION | C69: 0.1 | F69: =ROUND($F$68*C69,0) -> 0 | G69: =+F69*$G$32 -> 0 | I69: 848 | J69: =+I69*$F$73 -> 0
B70: IMPREVISTOS | C70: 0.01 | F70: =ROUND($F$68*C70,0) -> 0 | G70: =+F70*$G$32 -> 0 | I70: 756 | J70: =+I70*$F$73 -> 0
B71: UTILIDAD | C71: 0.05 | F71: =ROUND($F$68*C71,0) -> 0 | G71: =+F71*$G$32 -> 0 | I71: 685 | J71: =+I71*$F$73 -> 0
B72: IVA/UTILIDAD | C72: 0.19 | F72: =ROUND(F71*C72,0) -> 0 | G72: =+F72*$G$32 -> 0
B73: TOTAL COSTO MANTENIMIENTO RP | F73: =+F68+F69+F72+F71+F70 -> 0 | G73: =+G68+G69+G72+G71+G70 -> 0 | H73: =+F73*718 -> 0
G74: =+G73+Aislamiento!G69+Establecimiento!G79 -> 0
B76: RENDIMIENTO POR HECTAREA
B77: DESCRIPCION ACTIVIDAD | C77: UNIDAD | D77: CANTIDAD
B78: Plateo | C78: Jornal | D78: 12
B79: Transporte interno de insumos | C79: Flete | D79: 6
B80: Reposición (Replante) | C80: Jornal | D80: 2
B81: Aplicación de Correctivos | C81: Jornal | D81: 2
B82: Aplicación de Fertilizantes | C82: Jornal | D82: 2
B83: Control fitosanitario | C83: Jornal | D83: 2
B84: Limpias | C84: Jornal | D84: 12
D86: 36 jornaleles

Sheet Administracion  Aislamiento
A2: N° | B2: CONCEPTO | C2: A | D2: B | E2: C | F2: D | G2: E | H2: F
C3: SUELDO MES BÁSICO | D3: CANTIDAD | E3: % DE DEDICACIÓN | F3: VALOR MES (A * B * C) | G3: N° DE MESES | H3: TOTAL PARCIAL (D * E)
A4: 1 | B4: PERSONAL
A5: 1.1 | B5: PERSONAL DE SUPERVISIÓN
A6: 1.1.1 | B6: Coordinador | C6: 0 | D6: 1 | E6: 1 | F6: =ROUND(C6*D6*E6,0) -> 0 | G6: 4 | H6: =ROUND(F6*G6,0) -> 0
A7: 1.1.2 | B7: Ingeniero Residente 1 | C7: 0 | D7: 1 | E7: 1 | F7: =ROUND(C7*D7*E7,0) -> 0 | G7: 4 | H7: =ROUND(F7*G7,0) -> 0
A8: 1.1.3 | B8: Ingeniero Residente 2 | C8: 0 | D8: 1 | E8: 1 | F8: =ROUND(C8*D8*E8,0) -> 0 | G8: 4 | H8: =ROUND(F8*G8,0) -> 0
A9: 1.1.4 | B9: Ingeniero Residente 3 | C9: 0 | D9: 1 | E9: 1 | F9: =ROUND(C9*D9*E9,0) -> 0 | G9: 4 | H9: =ROUND(F9*G9,0) -> 0
A10: 1.1.5 | B10: Tecnologo Forestal | C10: 0 | D10: 1 | E10: 1 | F10: =ROUND(C10*D10*E10,0) -> 0 | G10: 4 | H10: =ROUND(F10*G10,0) -> 0
A11: 1.1.6 | B11: Profesional SISO | C11: 0 | D11: 1 | E11: 1 | F11: =ROUND(C11*D11*E11,0) -> 0 | G11: 4 | H11: =ROUND(F11*G11,0) -> 0
A12: 1.1.7 | B12: Topógrafo | C12: 0 | D12: 1 | E12: 1 | F12: =ROUND(C12*D12*E12,0) -> 0 | G12: 4 | H12: =ROUND(F12*G12,0) -> 0
A13: 1.1.8 | B13: Cadenero | C13: 0 | D13: 1 | E13: 1 | F13: =ROUND(C13*D13*E13,0) -> 0 | G13: 4 | H13: =ROUND(F13*G13,0) -> 0
A15: 1.3 | B15: PERSONAL DE APOYO Y EQUIPOS
A16: 1.3.1 | B16: Contador | C16: 0 | D16: 1 | E16: 0.5 | F16: =ROUND(C16*D16*E16,0) -> 0 | G16: 4 | H16: =ROUND(F16*G16,0) -> 0
A17: 1.3.2 | B17: Auxiliar de oficina | C17: 0 | D17: 1 | E17: 1 | F17: =ROUND(C17*D17*E17,0) -> 0 | G17: 4 | H17: =ROUND(F17*G17,0) -> 0
A18: 1.3.3 | B18: Equipos de topografía | C18: 0 | D18: 1 | E18: 1 | F18: =ROUND(C18*D18*E18,0) -> 0 | G18: 4 | H18: =ROUND(F18*G18,0) -> 0
A19: 1.3.4 | B19: Otros | C19: 0 | D19: 1 | E19: 1 | F19: =ROUND(C19*D19*E19,0) -> 0 | G19: 4 | H19: =ROUND(F19*G19,0) -> 0
G20: SUBTOTAL COSTOS DE PERSONAL | H20: =+SUM(H6:H19) -> 0
A22: CALCULO DEL FACTOR MULTIPLICADOR
A24: OTROS COSTOS DIRECTOS
H25: %
A26: A | B26: NÓMINA BASE DE CÁLCULO | I26: 1
G27: =H20 -> 0
A28: B | B28: PRESTACIONES SOCIALES | G28: =G27*I28 -> 0 | I28: =+SUM(H29:H36) -> 0.66293333
B29: Seguridad social SALUD | H29: 0.125
B30: Seguridad social PENSIÓN | H30: 0.16
B31: Seguridad social ARL | H31: 0.0696
B32: Cesantías | H32: =1/12 -> 0.083333333
B33: Intereses sobre cesantías | H33: =+H32*0.12 -> 0.01
B34: Prima anual | H34: =1/12 -> 0.083333333
B35: Parafiscales | H35: 0.09
B36: Vacaciones | H36: =+H34/2 -> 0.041666667
A37: C | B37: GASTOS DIRECTOS | G37: subtotal | I37: =SUM(H38:H43) -> 0.0551
B38: Alquiler de oficina | C38: 300000 | D38: 4 | G38: =+C38*D38 -> 1200000 | H38: 0.0372
B39: Alquiler Equipos de oficina (2PC + 1 impresora) | C39: 0 | D39: 4 | G39: =+C39*D39 -> 0 | H39: =+G39/$I$26 -> 0
B40: Alquiler mobiliario basico | C40: 0 | D40: 4 | G40: =+C40*D40 -> 0 | H40: =+G40/$I$26 -> 0
B41: Dotacion personal (cada 6 meses) | C41: 0 | D41: 4 | G41: =+C41*D41 -> 0 | H41: =+G41/$I$26 -> 0
B42: Servicios Públicos (energia - acueducto) | C42: 150000 | D42: 4 | G42: =+C42*D42 -> 600000 | H42: 0.0179
B43: Gastos de viaje - viaticos | C43: 0 | D43: 4 | G43: =+C43*D43 -> 0 | H43: =+G43/$I$26 -> 0
A44: D | B44: GASTOS GENERALES | D44: 0 | G44: subtotal | I44: =+SUM(H45:H51) -> 0.1398
B45: Personal administrativo no facturado | C45: 200000 | D45: 4 | E45: 1 | G45: =+C45*D45*E45 -> 800000 | H45: 0.084
B46: Utiles oficina | C46: 50000 | D46: 4 | G46: =+C46*D46 -> 200000 | H46: 0.0037
B47: Fotocopias e impresiones | C47: 0 | D47: 4 | G47: =+(C47*D47) -> 0 | H47: 0.0037
B48: Comunicaciones (telefonía móvil e internet) | C48: 35000 | D48: 4 | G48: =+C48*D48 -> 140000 | H48: 0.0149
B49: Inducción de personal | C49: 0 | D49: 1 | G49: =+C49*D49 -> 0 | H49: 0.026
B50: Asesoría legal | C50: 161162.8 | D50: 2 | G50: =+C50*D50 -> 322325.59 | H50: 0.005
B51: Depreciación de mobiliario | C51: 0 | H51: 0.0025
B52: Seguros oficina del consultor | H52: 0
A53: D | B53: GASTOS DE PERFECCIONAMIENTO | I53: 0.1422
A55: E | B55: HONORARIOS | I55: 0
B56: Honorarios estimados sobre el FM - según consultor | H56: 0
B57: SUBTOTAL OTROS COSTOS DIRECTOS | I57: =+SUM(I27:I56) -> 1.0000333
A58: RESUMEN GENERAL
B59: SUBTOTAL COSTOS DE PRESONAL | I59: =+H20+G38+G42+G45+G46+G47+G48+G49+G50+G28 -> 3262325.6 | J59: =+I59-Aislamiento!G64 -> 3262325.6
I60: 0.1

Sheet Administracion  Establecimiento
A2: N° | B2: CONCEPTO | C2: A | D2: B | E2: C | F2: D | G2: E | H2: F
C3: SUELDO MES BÁSICO | D3: CANTIDAD | E3: % DE DEDICACIÓN | F3: VALOR MES (A * B * C) | G3: N° DE MESES | H3: TOTAL PARCIAL (D * E)
A4: 1 | B4: PERSONAL
A5: 1.1 | B5: PERSONAL DE SUPERVISIÓN
A6: 1.1.1 | B6: Coordinador | C6: 3806720.9 | D6: 1 | E6: 0.25 | F6: =ROUND(C6*D6*E6,0) -> 951680 | G6: 4 | H6: =ROUND(F6*G6,0) -> 3806720
A7: 1.1.2 | B7: Ingeniero Residente 1 | C7: 2500000 | D7: 1 | E7: 1 | F7: =ROUND(C7*D7*E7,0) -> 2500000 | G7: 4 | H7: =ROUND(F7*G7,0) -> 10000000
A8: 1.1.5 | B8: Tecnologo Forestal | C8: 1800000 | D8: 0 | E8: 1 | F8: =ROUND(C8*D8*E8,0) -> 0 | G8: 4 | H8: =ROUND(F8*G8,0) -> 0
A9: 1.1.6 | B9: Profesional SISO | C9: 3200000 | D9: 1 | E9: 0.2 | F9: =ROUND(C9*D9*E9,0) -> 640000 | G9: 4 | H9: =ROUND(F9*G9,0) -> 2560000
A10: 1.1.7 | B10: Topógrafo | C10: 0 | D10: 1 | E10: 1 | F10: =ROUND(C10*D10*E10,0) -> 0 | G10: 4 | H10: =ROUND(F10*G10,0) -> 0
A11: 1.1.8 | B11: Cadenero | C11: 0 | D11: 2 | E11: 1 | F11: =ROUND(C11*D11*E11,0) -> 0 | G11: 4 | H11: =ROUND(F11*G11,0) -> 0
A13: 1.3 | B13: PERSONAL DE APOYO Y EQUIPOS
A14: 1.3.1 | B14: Contador | C14: 0 | D14: 1 | E14: 0.5 | F14: =ROUND(C14*D14*E14,0) -> 0 | G14: 4 | H14: =ROUND(F14*G14,0) -> 0
A15: 1.3.2 | B15: Auxiliar de oficina | C15: 0 | D15: 1 | E15: 0.5 | F15: =ROUND(C15*D15*E15,0) -> 0 | G15: 4 | H15: =ROUND(F15*G15,0) -> 0
A16: 1.3.3 | B16: Equipos de topografía | C16: 0 | D16: 1 | E16: 1 | F16: =ROUND(C16*D16*E16,0) -> 0 | G16: 4 | H16: =ROUND(F16*G16,0) -> 0
A17: 1.3.4 | B17: Otros | C17: 0 | D17: 1 | E17: 1 | F17: =ROUND(C17*D17*E17,0) -> 0 | G17: 4 | H17: =ROUND(F17*G17,0) -> 0
G18: SUBTOTAL COSTOS DE PERSONAL | H18: =+SUM(H6:H17) -> 16366720
A20: CALCULO DEL FACTOR MULTIPLICADOR
A22: OTROS COSTOS DIRECTOS
H23: %
A24: A | B24: NÓMINA BASE DE CÁLCULO | I24: 1
G25: =H18 -> 16366720
A26: B | B26: PRESTACIONES SOCIALES | G26: =G25*I26 -> 10850044 | I26: =+SUM(H27:H34) -> 0.66293333
B27: Seguridad social SALUD | H27: 0.125
B28: Seguridad social PENSIÓN | H28: 0.16
B29: Seguridad social ARL | H29: 0.0696
B30: Cesantías | H30: =1/12 -> 0.083333333
B31: Intereses sobre cesantías | H31: =+H30*0.12 -> 0.01
B32: Prima anual | H32: =1/12 -> 0.083333333
B33: Parafiscales | H33: 0.09
B34: Vacaciones | H34: =+H32/2 -> 0.041666667
A35: C | B35: GASTOS DIRECTOS | G35: subtotal | I35: =SUM(H36:H41) -> 0.0551
B36: Alquiler de oficina | C36: 0 | D36: 4 | G36: =+C36*D36 -> 0 | H36: 0.0372
B37: Alquiler Equipos de oficina (2PC + 1 impresora) | C37: 0 | D37: 4 | G37: =+C37*D37 -> 0 | H37: =+G37/$I$24 -> 0
B38: Alquiler mobiliario basico | C38: 0 | D38: 4 | G38: =+C38*D38 -> 0 | H38: =+G38/$I$24 -> 0
B39: Dotacion personal (cada 6 meses) | C39: 0 | D39: 4 | G39: =+C39*D39 -> 0 | H39: =+G39/$I$24 -> 0
B40: Servicios Públicos (energia - acueducto) | C40: 0 | D40: 4 | G40: =+C40*D40 -> 0 | H40: 0.0179
B41: Gastos de viaje - viaticos | C41: 0 | D41: 4 | G41: =+C41*D41 -> 0 | H41: =+G41/$I$24 -> 0
A42: D | B42: GASTOS GENERALES | D42: 0 | G42: subtotal | I42: =+SUM(H43:H49) -> 0.1398
B43: Personal administrativo no facturado | C43: 0 | D43: 4 | E43: 0.5 | G43: =+C43*D43*E43 -> 0 | H43: 0.084
B44: Utiles oficina | C44: 0 | D44: 4 | G44: =+C44*D44 -> 0 | H44: 0.0037
B45: Fotocopias e impresiones | C45: 0 | D45: 4 | G45: =(+C45*D45)+208.98 -> 208.98 | H45: 0.0037
B46: Comunicaciones (telefonía móvil e internet) | C46: 0 | D46: 4 | G46: =+C46*D46 -> 0 | H46: 0.0149
B47: Inducción de personal | C47: 0 | D47: 4 | G47: =+C47*D47 -> 0 | H47: 0.026
B48: Asesoría legal | C48: 0 | D48: 2 | G48: =+C48*D48 -> 0 | H48: 0.005
B49: Depreciación de mobiliario | C49: 0 | H49: 0.0025
B50: Seguros oficina del consultor | H50: 0
A51: D | B51: GASTOS DE PERFECCIONAMIENTO | I51: 0.1422
A53: E | B53: HONORARIOS | I53: 0
B54: Honorarios estimados sobre el FM - según consultor | H54: 0
B55: SUBTOTAL OTROS COSTOS DIRECTOS | I55: =+SUM(I25:I54) -> 1.0000333
A56: RESUMEN GENERAL
B57: SUBTOTAL COSTOS DE PRESONAL | I57: =+H18+G36+G40+G43+G44+G45+G46+G47+G48+G26 -> 27216973
I58: 0.1
